 Dungeon Crawl Stone Soup version 0.22-a0-515-g75794bf (webtiles) character file.

640030 hittemvvvvvvhard the Rampant (level 27, -6/221 HPs)
             Began as a Gnoll Berserker on June 18, 2018.
             Was an Elder of Trog.
             Killed by divine providence
             ... invoked by a balrug
              (11 damage)
             ... on level 15 of the Dungeon on June 19, 2018.
             The game lasted 06:13:25 (94963 turns).

hittemvvvvvvhard the Rampant (Gnoll Berserker)     Turns: 94963, Time: 06:13:27

Health: -6/221     AC: 38    Str: 29    XL:     27
Magic:  15/15      EV: 19    Int: 13    God:    Trog [****..]
Gold:   4684       SH: 36    Dex: 15    Spells: 62/62 levels left

rFire    + . .     SeeInvis .   b - +9 demon blade (antimagic)
rCold    + . .     Gourm    .   S - +8 large shield
rNeg     . . .     Faith    .   H - +5 plate armour of Cuemajaveen {rPois rC+ Int+3 Dex-3}
rPois    +         Spirit   .   E - +2 helmet
rElec    +         Reflect  +   v - +2 cloak {MR+} {MR+}
rCorr    .         Harm     .   k - +2 pair of gloves
MR       +++..                  j - +2 pair of boots
Stlth    +.........             x - +5 amulet of reflection
HPRegen  0.46/turn              W - ring "Bimenav" {rElec EV+2}
MPRegen  0.14/turn              F - ring of protection from fire

@: berserk cooldown, slowed, drained, very slow
A: distributed training, fangs 1, agile 1, deterioration 1, dopey 1, screaming
1, strong nose
0: Orb of Zot
}: 3/15 runes: decaying, silver, gossamer
a: Berserk, Trog's Hand, Brothers in Arms, Renounce Religion


You were on level 15 of the Dungeon.
You worshipped Trog.
Trog was greatly pleased with you.
You were not hungry.

You visited 10 branches of the dungeon, and saw 52 of its levels.
You visited 1 ziggurat, and saw 9 of its levels.
You also visited: Trove, Bailey, Ice Cave and Wizlab.

You collected 8528 gold pieces.
You spent 3844 gold pieces at shops.

Inventory:

Hand Weapons
 a - the +8 autumn katana {slice, Clar}
   (You found it on level 9 of the Dungeon)

   It inflicts extra damage upon your enemies.
   It protects you against confusion.
 b - a +9 antimagic demon blade (weapon)
 c - the cursed +1 dagger "Lecul" {pierce, -Tele Dex+4 Stlth+}
   (You found it on level 7 of a ziggurat)

   It inflicts extra damage upon your enemies.
   It affects your dexterity (+4).
   It prevents most forms of teleportation.
   It makes you more stealthy.
   It has a curse placed upon it.
Missiles
 P - 7 throwing nets {=f}
 U - 1417 stones (quivered)
Armour
 j - a +2 pair of boots (worn)
 k - a +2 pair of gloves (worn)
 v - a +2 cloak of magic resistance (worn) {MR+}
 E - a +2 helmet (worn)
 H - the +5 plate armour of Cuemajaveen (worn) {rPois rC+ Int+3 Dex-3}
   (You found it on level 3 of the Elven Halls)

   It affects your intelligence (+3).
   It affects your dexterity (-3).
   It protects you from cold.
   It protects you from poison.
 S - a +8 large shield (worn)
Jewellery
 x - a +5 amulet of reflection (around neck)
 C - an uncursed ring of resist corrosion
 F - a ring of protection from fire (right hand)
 I - an uncursed ring of flight
 W - the ring "Bimenav" (left hand) {rElec EV+2}
   (You found it on level 4 of the Depths)

   [ring of evasion]

   It affects your evasion (+2).
   It insulates you from electricity.
Wands
 d - a wand of digging (6)
 D - a wand of disintegration (39)
 K - a wand of acid (25)
 M - a wand of clouds (3)
 T - a wand of paralysis (12)
 V - a wand of scattershot (6)
 Y - a wand of iceblast (118)
Scrolls
 e - 9 scrolls of fear
 f - 9 scrolls of fog
 i - 7 scrolls of identify
 m - 6 scrolls of magic mapping {!r}
 o - a scroll of immolation {!r}
 s - 4 scrolls of silence
 t - 13 scrolls of teleportation
 B - 3 scrolls of blinking {!r}
 J - a scroll of brand weapon
 L - 14 scrolls of remove curse
Potions
 h - 14 potions of mutation {!q}
 n - 3 potions of curing
 q - 5 potions of cancellation
 z - 4 potions of invisibility
 G - 5 potions of ambrosia
 O - 2 potions of might
 R - 13 potions of flight
 X - 4 potions of agility
Miscellaneous
 l - 4 sacks of spiders
 p - a lightning rod (4/4)
 r - a phial of floods
 w - a fan of gales
 A - a lamp of fire
 N - a lamp of fire
Comestibles
 Z - 26 rations


   Skills:
 + Level 19.0(18.1) Fighting
 + Level 18.2(17.3) Short Blades
 + Level 19.0(18.1) Long Blades
 + Level 18.2(17.3) Axes
 + Level 18.2(17.3) Maces & Flails
 + Level 19.3(18.4) Polearms
 + Level 18.2(17.3) Staves
 + Level 18.2(17.3) Slings
 + Level 18.2(17.3) Bows
 + Level 18.2(17.3) Crossbows
 + Level 18.2(17.3) Throwing
 + Level 18.6(17.7) Armour
 + Level 18.6(17.7) Dodging
 + Level 18.2(17.3) Stealth
 + Level 18.2(17.3) Shields
 + Level 18.2(17.3) Unarmed Combat
 + Level 18.2(17.3) Spellcasting
 + Level 15.7(14.8) Conjurations
 + Level 15.7(14.8) Hexes
 + Level 15.7(14.8) Charms
 + Level 15.7(14.8) Summonings
 + Level 15.7(14.8) Necromancy
 + Level 15.7(14.8) Translocations
 + Level 15.7(14.8) Transmutations
 + Level 15.7(14.8) Fire Magic
 + Level 15.7(14.8) Ice Magic
 + Level 15.9(15.0) Air Magic
 + Level 15.7(14.8) Earth Magic
 + Level 15.7(14.8) Poison Magic
 + Level 19.6(18.6) Invocations
 + Level 18.2(17.3) Evocations


You had 62 spell levels left.
You didn't know any spells.
Your spell library contained the following spells:

 Spells                   Type           Power        Failure   Level  Hunger
 Cause Fear               Hex            #####.....   1%          4    ##.....
 Fireball                 Conj/Fire      #####.....   4%          5    ####...
 Lightning Bolt           Conj/Air       ######....   4%          5    ####...
 Throw Flame              Conj/Fire      #####.       1%          2    None
 Mephitic Cloud           Conj/Pois/Air  ######..     1%          3    None
 Ring of Flames           Chrm/Fire      #####.....   78%         7    #######
 Venom Bolt               Conj/Pois      #####.....   4%          5    ####...
 Summon Small Mammal      Summ           ####         1%          1    None
 Animate Dead             Necr           N/A          1%          4    ##.....
 Vampiric Draining        Necr           #####.....   1%          3    None
 Freeze                   Ice            ####         1%          1    None
 Sticky Flame             Conj/Fire      #####...     1%          4    ##.....
 Ozocubu's Armour         Chrm/Ice       #####...     1%          3    None
 Call Imp                 Summ           #####...     1%          2    None
 Sting                    Conj/Pois      ####         1%          1    None
 Summon Demon             Summ           #####.....   4%          5    ####...
 Iron Shot                Conj/Erth      #####.....   24%         6    ######.
 Agony                    Necr           #####...     4%          5    ####...
 Spider Form              Tmut/Pois      #####.....   1%          3    None
 Blade Hands              Tmut           #####.....   4%          5    ####...
 Statue Form              Tmut/Erth      #####....    24%         6    ######.
 Ice Form                 Ice/Tmut       #####...     1%          4    ##.....
 Dragon Form              Tmut           #####.....   78%         7    #######
 Death Channel            Necr           #####.....   24%         6    ######.
 Deflect Missiles         Chrm/Air       ######....   22%         6    ######.
 Confusing Touch          Hex            #####.       1%          1    None
 Flame Tongue             Conj/Fire      #####        1%          1    None
 Ignite Poison            Fire/Tmut/Pois #####...     1%          3    None
 Sticks to Snakes         Tmut           #####...     1%          2    None
 Ensorcelled Hibernation  Hex/Ice        #####.       1%          2    None
 Summon Butterflies       Summ           #####...     1%          1    None
 Corona                   Hex            #####..      1%          1    None
 Alistair's Intoxication  Tmut/Pois      #####...     4%          5    ####...
 Conjure Ball Lightning   Conj/Air       ######....   22%         6    ######.
 Petrify                  Tmut/Erth      #####...     1%          4    ##.....
 Orb of Destruction       Conj           #####.....   78%         7    #######
 Malign Gateway           Summ/Tloc      #####.....   78%         7    #######
 Tornado                  Air            ######....   100%        9    #######
 Summon Hydra             Summ           #####.....   78%         7    #######
 Darkness                 Hex            #####.....   24%         6    ######.
 Inner Flame              Hex/Fire       #####...     1%          3    None
 Aura of Abjuration       Summ           #####.....   4%          5    ####...
 Beastly Appendage        Tmut           #####.       1%          1    None
 Fulminant Prism          Conj/Hex       #####.....   1%          4    ##.....
 Dazzling Spray           Conj/Hex       #####.       1%          3    None
 Song of Slaying          Chrm           #####...     1%          2    None
 Discord                  Hex            #####.....   100%        8    #######
 Summon Lightning Spire   Summ/Air       ######..     1%          4    ##.....
 Spellforged Servitor     Conj/Summ      #####.....   78%         7    #######
 Summon Mana Viper        Hex/Summ       #####...     4%          5    ####...
 Hydra Form               Tmut           #####.....   24%         6    ######.
 Yara's Violent Unravell  Hex/Tmut       #####.....   4%          5    ####...
 Infestation              Necr           #####.....   100%        8    #######
 Poisonous Vapours        Pois/Air       ######       1%          2    None
 Borgnjor's Vile Clutch   Necr/Erth      #####.....   4%          5    ####...


Dungeon Overview and Level Annotations

Branches:
Dungeon (15/15)            Temple (0/1) D:7            Lair (6/6) D:9
  Swamp (4/4) Lair:4       Spider (4/4) Lair:3        Slime (0/5) Lair:6
    Orc (2/2) D:12            Elf (3/3) Orc:2        Vaults (5/5) D:14
  Crypt (3/3) Vaults:2       Tomb (0/3) Crypt:3      Depths (5/5) D:15
    Zot (5/5) Depths:5

Altars:
Elyvilon
Fedhas
Kikubaaqudgha
Okawaru
Trog
Uskayaw
Wu Jian
Xom
Yredelemnul
Beogh

Shops:
D:9 (%[*?   D:12 (   Orc:1 (   Orc:2 (!(==   Elf:3 [   Vaults:4 [   Depths:5 }

Portals:
Hell: Depths:1 Depths:2 Depths:4 Depths:5
Abyss: Depths:2 Depths:4 Depths:5
Pandemonium: Depths:3 Depths:4 Depths:5

Annotations:
D:7 exclusion: downstairs
Lair:6 3 runed doors, Desemo's ghost, journeyman MiBe
Vaults:1 exclusion: downstairs
Vaults:2 mara!, Mara
Vaults:3 3 runed doors
Vaults:4 exclusion: 2 downstairs
Zot:1 exclusion: 2 downstairs
Zot:2 exclusion: 2 upstairs
Zot:3 exclusion: 2 upstairs
Zot:4 exclusion: 2 upstairs


Innate Abilities, Weirdness & Mutations

Your experience applies equally to all skills.
You have very sharp teeth.
Your uncanny sense of smell can sniff out nearby items.
You are agile. (Dex +2)
Your body sometimes deteriorates upon taking damage.
You are dopey. (Int -2)
You occasionally shout uncontrollably at your foes.


Message History

Really read
B - 4 scrolls of blinking {!r}?
Your blink will be uncontrolled - continue anyway?
The Orb prevents control of your translocation!
You blink.
As you read the scroll of blinking {!r}, it crumbles to dust.
The balrug shouts!
You hear a shout! x2
The lich touches your polar bear. The lich drains your polar bear!
You block the red devil's attack.
The lich points at your polar bear and mumbles some strange words.
You sense an evil presence.
An Orb Guardian comes into view.
The red devil closely misses you.
You hear a shout!
The balrug gestures at you. Something smites you!
* * * LOW HITPOINT WARNING * * *
A red devil comes into view. It is wielding a trident.
The balrug gestures at you. Something smites you!
You die...

########.### #......#.# #....<.
...........# #..##..#.# #.#....
..######.#.####......#.####......
..#......."......................
..#.##.#.#.........##...........#
..#.##.########4####.[))(......##
..#.##................(##########
###.##..#######X##.#...##........
#.##..#.hW53.X@#.#3..##........
#.##..22WL53.....423.X"........
#.....#W#####......#.##........
#####.#.# #####...#.##........
#.#.# #.....#.#.########## #.#.#
#.#####.#.# ## #.#.# #.##....#.#
#. #.#.####.##.####.# ### ##.
#.#..)...##.# #.# #>###.#


You could see 3 Orb Guardians, a lich, 2 balrugs, 3 sun demons, a phantasmal
warrior, 2 wraiths, 2 red devils, an iron imp, a shadow imp and a friendly polar
bear (berserk).

Vault maps used:
D:1:      dpeg_arrival_fog
D:2:      doesnt_xom_only_xom
D:3:      minmay_crystal_water, minmay_vboxes
D:4:      grunt_ministairs_7, uniq_robin
D:5:      yredelemnul_forgotten_temple_becter, trog_eyes_of_draining,
          first_ration, uniq_grinder
D:6:      uniq_edmund
D:7:      kennysheep_mini_moat, minmay_temple_entry_large_hall, grunt_ogre_cave,
          kennysheep_generic_room_2, uniq_crazy_yiuf_cottage, uniq_menkaure
D:8:      lemuel_crystal_altar, uniq_prince_ribbit1
D:9:      nicolae_overflow_crystal_walls, lemuel_round_altar,
          minmay_lair_entry_grove, serial_shops, nicolae_shop_trees,
          nicolae_shop_competitors_out_of_business, shop, shop,
          nicolae_shop_statue_plus, uniq_erolcha
D:10:     minmay_misc_feat_nine_boxes, kennysheep_generic_room_9, uniq_maurice
D:11:     gammafunk_ghost_hydra_chop, special_room, uniq_snorg, uniq_sonja
D:12:     erik_orc_2, serial_shops, nicolae_shop_behind_doors, enter_bailey_7
D:13:     dk_noncrumbling_4, uniq_urug, uniq_josephine, uniq_kirke
D:14:     david_vaults_4, serial_column_ruins, column_ruins_temple_circle,
          column_ruins_grid_1, column_ruins_grid_2, column_ruins_open_tiny,
          column_ruins_open_small_water, column_ruins_open_medium,
          column_ruins_columns_straight, column_ruins_columns_plus,
          fountainhead, minmay_crystal_box
D:15:     hangedman_depths_entry_try_elsewhere_first, abandoned_shop,
          portal_ice_cave_entry_ice_beasts
Lair:1:   serial_bayou_lagoon_b
Lair:2:   minmay_lair_venomous_thicket, serial_bayou_pond_e
Lair:3:   lemuel_ratsnest, nicolae_spider_entry_orb_guardian, grunt_megastairs_1
Lair:4:   minmay_swamp_entry_worms, uniq_rupert
Lair:5:   serial_bayou_shore_a, infiniplex_staircase_pool, lemuel_fruit_fields,
          grunt_megastairs_3
Lair:6:   minmay_lair_end_enchanted_forest, minmay_slime_entry_oklob_open,
          gammafunk_ghost_necromancy, grunt_forest_large_clearing_hut
Swamp:1:  evilmike_swamp_ruin_rubble_2, swamp_pool4
Swamp:2:  gammafunk_ghost_arena, hangedman_swamp_ruin_wall
Swamp:3:  evilmike_swamp_ruin_house_5
Swamp:4:  swamp_basic_johnstein, uniq_roxanne
Spider:1: special_room, nicolae_spider_nook
Spider:2: nicolae_crawler_farm
Spider:3: cheibrodos_spider_silkery
Spider:4: grunt_spider_rune_circles, nicolae_spider_stair_cavern
Orc:1:    nicolae_orc_accident_1, serial_shops, nicolae_shop_behind_doors,
          elf_legates, uniq_fannar
Orc:2:    st_orc_town, basic_altar, serial_shops, shop_fountains,
          minmay_orc_temple_b
Elf:1:    elf_arrival_002, kennysheep_underground_church, guppyfry_library_mini
Elf:2:    enter_trove_2, minivault_16, uniq_nikola, uniq_jorgrun
Elf:3:    grunt_elf_hall_diamonds, serial_shops, nicolae_shop_crystal
Vaults:1: ontoclasm_vaults_spin, ontoclasm_vaults_fault, v_pattern_5,
          vaults_room_guarded_vault, grunt_vaults_diagonal, grunt_vaults_swirl,
          grunt_vaults_focal, hangedman_vaults_capsules, v_misc_8, v_misc_22,
          ontoclasm_vaults_twist, nicolae_vaults_mini_display_case,
          vaults_room_door_hall
Vaults:2: st_spiral_rooms, vaults_dpeg_ring, nicolae_vaults_network_periphery,
          hangedman_vaults_stretched_pinwheel, hangedman_vaults_variations,
          vaults_room_door_hall, v_misc_24, ontoclasm_vaults_gateway,
          nicolae_vaults_yaktaur_gun_rack, v_misc_13,
          minmay_crypt_entry_simple_box, uniq_mara
Vaults:3: gammafunk_vaults_ghost_cemetery, v_misc_10, dpeg_vaults_monster_box,
          v_misc_11, vaults_dpeg_hooks, vaults_room_hallway,
          nicolae_vaults_border_crossing
Vaults:4: advil_vaults_ghost_lines, v_misc_26, hangedman_vaults_corner,
          ontoclasm_vaults_bender, grunt_vaults_funnel, v_rooms_4,
          nicolae_vaults_network_s, vaults_room_octagon, v_misc_24,
          nicolae_vaults_display_case, v_misc_12, grunt_vaults_hallway_long,
          serial_shops, shop_statue, uniq_sojobo
Vaults:5: serial_shops, uniq_margery, uniq_mennas
Crypt:1:  grunt_crypt_arrival_guarded_gate
Crypt:2:  hangedman_hall_of_fallen_heroes
Crypt:3:  grunt_crypt_end_deaths_head
Depths:1: hangedman_abyss_or_decor_clamps, hangedman_coc_ice_floe,
          mu_enter_wizlab_3, kennysheep_another_room, grunt_decor_fettered,
          kennysheep_potato, serial_bayou_shore_b, grunt_megastairs_4
Depths:2: minmay_three_patterns, hell_entry, abyss_entry, grunt_megastairs_2,
          minmay_staircase_statues
Depths:3: onia_ninara_swampy_vault, infiniplex_staircase_zigzag_5,
          lightli_too_deep, pan_entry, dispersion_dpeg
Depths:4: radiant_caverns_b_rkd, abyss_entry, hell_entry, serial_shops,
          pan_entry
Depths:5: evilmike_zot_entry_basic, serial_shops, shop, pan_entry,
          serial_sigils, serial_sigils_hangedman_carve,
          serial_sigils_hangedman_writhe, serial_sigils_hangedman_gnaw,
          serial_sigils_hangedman_scar, serial_sigils_hangedman_scratch,
          serial_sigils_hangedman_stare, hangedman_tar_grid_catacomb,
          minmay_room_of_horrors
Zot:2:    lemuel_halls_of_wrath, stair_cage_line
Zot:3:    st_small_dragon_hoard_3, st_stairs_8
Zot:4:    st_single_dragon_hoard_1, grunt_ministairs_7
Zot:5:    grunt_ministairs_14, hangedman_zot_gyre
Zig:8:    ziggurat_pillar_centre_dead_trees
Trove:    trove_wands_scrolls
Bailey:   bailey_axe_3, bailey
IceCv:    ice_cave_small_demon
WizLab:   wizlab_demon

Notes
Turn   | Place    | Note
-------+----------+-------------------------------------------
     0 | D:1      | hittemvvvvvvhard the Gnoll Berserker began the quest for the Orb.
     0 | D:1      | Reached XP level 1. HP: 23/23 MP: 1/1
   182 | D:1      | Reached XP level 2. HP: 21/29 MP: 2/2
   206 | D:1      | hittemvvvvvvhard: !won .
   206 | D:1      | beem: hittemvvvvvvhard has not won in 1 games.
   206 | D:1      | hittemvvvvvvhard: !won hittemvvvhard
   206 | D:1      | beem: hittemvvvhard has won 18 times in 132 games (13.64%): 1xCeFi 1xCeHu 1xDDGl 1xDsWn 1xGhMo 1xGrBe 1xGrFi 1xHOBe 1xHOFi 1xHuFi 1xMiAr 1xMiAs 1xMiBe 1xMiFi 1xMiGl 1xMiSk 1xMiWn 1xMuFi
   206 | D:1      | hittemvvvvvvhard: !won hittemvvvhard gnbe
   206 | D:1      | beem: No games for hittemvvvhard (gnbe).
   515 | D:1      | Identified a +0 pair of gloves (You found it on level 1 of the Dungeon)
   770 | D:1      | Identified 2 scrolls of amnesia
   826 | D:2      | Reached XP level 3. HP: 31/35 MP: 3/3
   830 | D:2      | Reached ** piety under Trog
  1069 | D:2      | Reached skill level 1 in Invocations
  1101 | D:2      | Reached skill level 1 in Short Blades
  1101 | D:2      | Reached skill level 1 in Axes
  1101 | D:2      | Reached skill level 1 in Maces & Flails
  1101 | D:2      | Reached skill level 1 in Polearms
  1101 | D:2      | Reached skill level 1 in Staves
  1101 | D:2      | Reached skill level 1 in Slings
  1101 | D:2      | Reached skill level 1 in Bows
  1101 | D:2      | Reached skill level 1 in Crossbows
  1101 | D:2      | Reached skill level 1 in Throwing
  1101 | D:2      | Reached skill level 1 in Stealth
  1101 | D:2      | Reached skill level 1 in Shields
  1101 | D:2      | Reached skill level 1 in Unarmed Combat
  1101 | D:2      | Reached skill level 1 in Spellcasting
  1101 | D:2      | Reached skill level 1 in Evocations
  1197 | D:2      | Reached XP level 4. HP: 40/41 MP: 5/5
  1459 | D:2      | Found a burning altar of Makhleb.
  1475 | D:2      | Found a radiant altar of Vehumet.
  1475 | D:2      | Found an iron altar of Okawaru.
  1478 | D:2      | Found a shimmering altar of Xom.
  1478 | D:2      | Found a bloodstained altar of Trog.
  1478 | D:2      | Found an ancient bone altar of Kikubaaqudgha.
  1729 | D:2      | Reached skill level 1 in Conjurations
  1729 | D:2      | Reached skill level 1 in Hexes
  1729 | D:2      | Reached skill level 1 in Charms
  1729 | D:2      | Reached skill level 1 in Summonings
  1729 | D:2      | Reached skill level 1 in Necromancy
  1729 | D:2      | Reached skill level 1 in Translocations
  1729 | D:2      | Reached skill level 1 in Transmutations
  1729 | D:2      | Reached skill level 1 in Fire Magic
  1729 | D:2      | Reached skill level 1 in Ice Magic
  1729 | D:2      | Reached skill level 1 in Air Magic
  1729 | D:2      | Reached skill level 1 in Earth Magic
  1729 | D:2      | Reached skill level 1 in Poison Magic
  1936 | D:3      | Reached XP level 5. HP: 47/47 MP: 5/7
  1957 | D:3      | HP: 9/47 [something/puff of flame (5)]
  1958 | D:3      | Identified 2 potions of curing
  2446 | D:3      | Identified 3 scrolls of remove curse
  2578 | D:3      | Reached *** piety under Trog
  2800 | D:3      | Identified a ring of strength (You took it off a hobgoblin on level 3 of the Dungeon)
  2801 | D:3      | Identified an amulet of faith (You found it on level 3 of the Dungeon)
  3088 | D:4      | Reached XP level 6. HP: 53/53 MP: 8/8
  3089 | D:4      | Reached skill level 2 in Invocations
  3136 | D:4      | Got a dazzling mace
  3142 | D:4      | Identified 4 scrolls of identify
  3142 | D:4      | Identified the +3 mace of Conformity {crush, -Tele MR+ Str+2} (You found it on level 4 of the Dungeon)
  3155 | D:4      | Identified a +0 scale mail (You took it off an orc on level 4 of the Dungeon)
  3183 | D:4      | Reached skill level 5 in Armour
  3183 | D:4      | Reached skill level 5 in Dodging
  3192 | D:4      | Reached skill level 2 in Short Blades
  3192 | D:4      | Reached skill level 2 in Axes
  3192 | D:4      | Reached skill level 2 in Maces & Flails
  3192 | D:4      | Reached skill level 2 in Polearms
  3192 | D:4      | Reached skill level 2 in Staves
  3192 | D:4      | Reached skill level 2 in Slings
  3192 | D:4      | Reached skill level 2 in Bows
  3192 | D:4      | Reached skill level 2 in Crossbows
  3192 | D:4      | Reached skill level 2 in Throwing
  3192 | D:4      | Reached skill level 2 in Stealth
  3192 | D:4      | Reached skill level 2 in Shields
  3192 | D:4      | Reached skill level 2 in Unarmed Combat
  3192 | D:4      | Reached skill level 2 in Spellcasting
  3192 | D:4      | Reached skill level 2 in Evocations
  3346 | D:4      | Identified a +0 cloak (You found it on level 4 of the Dungeon)
  3351 | D:4      | Identified a +0 pair of boots (You found it on level 4 of the Dungeon)
  3549 | D:4      | Got a faintly glowing leather armour
  3550 | D:4      | Identified 2 scrolls of blinking
  3551 | D:4      | Identified 2 potions of flight
  3552 | D:4      | Identified 2 scrolls of enchant armour
  3631 | D:4      | Reached XP level 7. HP: 57/59 MP: 10/10
  3631 | D:4      | Noticed Robin
  3648 | D:4      | Killed Robin
  3675 | D:4      | Reached **** piety under Trog
  3675 | D:4      | Reached skill level 7 in Fighting
  3675 | D:4      | Reached skill level 7 in Long Blades
  3832 | D:4      | Identified 2 potions of magic
  3843 | D:4      | Identified the +5 leather armour "Gutea" {rN+ MR+} (You found it on level 4 of the Dungeon)
  3849 | D:4      | Identified a cursed +0 helmet (You took it off Robin on level 4 of the Dungeon)
  4111 | D:5      | Entered Level 5 of the Dungeon
  4121 | D:5      | Reached skill level 2 in Conjurations
  4121 | D:5      | Reached skill level 2 in Hexes
  4121 | D:5      | Reached skill level 2 in Charms
  4121 | D:5      | Reached skill level 2 in Summonings
  4121 | D:5      | Reached skill level 2 in Necromancy
  4121 | D:5      | Reached skill level 2 in Translocations
  4121 | D:5      | Reached skill level 2 in Transmutations
  4121 | D:5      | Reached skill level 2 in Fire Magic
  4121 | D:5      | Reached skill level 2 in Ice Magic
  4121 | D:5      | Reached skill level 2 in Air Magic
  4121 | D:5      | Reached skill level 2 in Earth Magic
  4121 | D:5      | Reached skill level 2 in Poison Magic
  4323 | D:5      | Identified the Almanac of Good Luck and Calling
  4384 | D:5      | Reached skill level 3 in Invocations
  4476 | D:5      | Reached XP level 8. HP: 67/67 MP: 12/12
  4538 | D:5      | Found a bloodstained altar of Trog.
  4546 | D:5      | Reached skill level 3 in Short Blades
  4546 | D:5      | Reached skill level 3 in Axes
  4546 | D:5      | Reached skill level 3 in Maces & Flails
  4546 | D:5      | Reached skill level 3 in Polearms
  4546 | D:5      | Reached skill level 3 in Staves
  4546 | D:5      | Reached skill level 3 in Slings
  4546 | D:5      | Reached skill level 3 in Bows
  4546 | D:5      | Reached skill level 3 in Crossbows
  4546 | D:5      | Reached skill level 3 in Throwing
  4546 | D:5      | Reached skill level 3 in Stealth
  4546 | D:5      | Reached skill level 3 in Shields
  4546 | D:5      | Reached skill level 3 in Unarmed Combat
  4546 | D:5      | Reached skill level 3 in Spellcasting
  4546 | D:5      | Reached skill level 3 in Evocations
  4655 | D:5      | Noticed Grinder
  4678 | D:5      | Killed Grinder
  4734 | D:5      | Reached ***** piety under Trog
  4852 | D:5      | Identified a cursed -2 scale mail (You took it off an orc on level 5 of the Dungeon)
  4868 | D:5      | Identified a +0 large shield (You found it on level 5 of the Dungeon)
  4996 | D:5      | Found a basalt altar of Yredelemnul.
  5065 | D:6      | Identified a ring of teleportation (You found it on level 6 of the Dungeon)
  5184 | D:6      | Received a gift from Trog
  5322 | D:6      | Reached skill level 4 in Invocations
  5338 | D:6      | Noticed Edmund
  5351 | D:6      | Killed Edmund
  5351 | D:6      | Reached skill level 3 in Conjurations
  5351 | D:6      | Reached skill level 3 in Hexes
  5351 | D:6      | Reached skill level 3 in Charms
  5351 | D:6      | Reached skill level 3 in Summonings
  5351 | D:6      | Reached skill level 3 in Necromancy
  5351 | D:6      | Reached skill level 3 in Translocations
  5351 | D:6      | Reached skill level 3 in Transmutations
  5351 | D:6      | Reached skill level 3 in Fire Magic
  5351 | D:6      | Reached skill level 3 in Ice Magic
  5351 | D:6      | Reached skill level 3 in Air Magic
  5351 | D:6      | Reached skill level 3 in Earth Magic
  5351 | D:6      | Reached skill level 3 in Poison Magic
  5351 | D:6      | Reached XP level 9. HP: 72/72 MP: 14/14
  5352 | D:6      | Reached skill level 6 in Armour
  5352 | D:6      | Reached skill level 6 in Dodging
  6023 | D:7      | Noticed Menkaure
  6031 | D:7      | Killed Menkaure
  6031 | D:7      | Reached skill level 4 in Short Blades
  6031 | D:7      | Reached skill level 4 in Axes
  6031 | D:7      | Reached skill level 4 in Maces & Flails
  6031 | D:7      | Reached skill level 4 in Polearms
  6031 | D:7      | Reached skill level 4 in Staves
  6031 | D:7      | Reached skill level 4 in Slings
  6031 | D:7      | Reached skill level 4 in Bows
  6031 | D:7      | Reached skill level 4 in Crossbows
  6031 | D:7      | Reached skill level 4 in Throwing
  6031 | D:7      | Reached skill level 4 in Stealth
  6031 | D:7      | Reached skill level 4 in Shields
  6031 | D:7      | Reached skill level 4 in Unarmed Combat
  6031 | D:7      | Reached skill level 4 in Spellcasting
  6031 | D:7      | Reached skill level 4 in Evocations
  6260 | D:7      | Found a staircase to the Ecumenical Temple.
  6279 | D:7      | Got a brightly glowing leather armour
  6466 | D:7      | Found an ornate altar of the Wu Jian Council.
  6814 | D:7      | Received a gift from Trog
  7033 | D:7      | Found a runed door.
  7037 | D:7      | Noticed Crazy Yiuf
  7041 | D:7      | Killed Crazy Yiuf
  7046 | D:7      | Identified a ring of protection from cold (You found it on level 7 of the Dungeon)
  7048 | D:7      | Identified a ring of flight (You found it on level 7 of the Dungeon)
  7059 | D:7      | Identified the cursed +1 leather armour of the Other Side {rC+ MR+ Stlth-} (You found it on level 7 of the Dungeon)
  7059 | D:7      | Identified a +4 fustibalus of flaming (Trog gifted it to you on level 7 of the Dungeon)
  7142 | D:8      | Got a translucent leather armour
  7251 | D:8      | Found an ancient bone altar of Kikubaaqudgha.
  7289 | D:8      | Noticed Prince Ribbit
  7293 | D:8      | Reached skill level 8 in Fighting
  7293 | D:8      | Reached skill level 8 in Long Blades
  7304 | D:8      | Killed Prince Ribbit
  7304 | D:8      | Reached skill level 5 in Invocations
  7563 | D:8      | Reached XP level 10. HP: 78/80 MP: 17/17
  7875 | D:8      | Noticed a two-headed ogre
  7882 | D:8      | Killed a two-headed ogre
  7882 | D:8      | Reached skill level 5 in Short Blades
  7882 | D:8      | Reached skill level 5 in Axes
  7882 | D:8      | Reached skill level 5 in Maces & Flails
  7882 | D:8      | Reached skill level 5 in Polearms
  7882 | D:8      | Reached skill level 5 in Staves
  7882 | D:8      | Reached skill level 5 in Slings
  7882 | D:8      | Reached skill level 5 in Bows
  7882 | D:8      | Reached skill level 5 in Crossbows
  7882 | D:8      | Reached skill level 5 in Throwing
  7882 | D:8      | Reached skill level 5 in Stealth
  7882 | D:8      | Reached skill level 5 in Shields
  7882 | D:8      | Reached skill level 5 in Unarmed Combat
  7882 | D:8      | Reached skill level 5 in Spellcasting
  7882 | D:8      | Reached skill level 4 in Conjurations
  7882 | D:8      | Reached skill level 4 in Hexes
  7882 | D:8      | Reached skill level 4 in Charms
  7882 | D:8      | Reached skill level 4 in Summonings
  7882 | D:8      | Reached skill level 4 in Necromancy
  7882 | D:8      | Reached skill level 4 in Translocations
  7882 | D:8      | Reached skill level 4 in Transmutations
  7882 | D:8      | Reached skill level 4 in Fire Magic
  7882 | D:8      | Reached skill level 4 in Ice Magic
  7882 | D:8      | Reached skill level 4 in Air Magic
  7882 | D:8      | Reached skill level 4 in Earth Magic
  7882 | D:8      | Reached skill level 4 in Poison Magic
  7882 | D:8      | Reached skill level 5 in Evocations
  8485 | D:8      | Identified a +1 trident of flaming (You took it off an orc priest on level 8 of the Dungeon)
  8508 | D:8      | Identified the cursed +1 leather armour of Tenacity {Dex+8 SInv} (You found it on level 8 of the Dungeon)
  8785 | D:9      | Found Jeckaem's Weapon Boutique.
  8814 | D:9      | Found Eptuyn Loci's Antique Armour Shoppe.
  8839 | D:9      | Noticed a two-headed ogre
  8841 | D:9      | Reached skill level 7 in Armour
  8841 | D:9      | Reached skill level 7 in Dodging
  8847 | D:9      | Killed a two-headed ogre
  8875 | D:9      | Bought a translucent ring mail for 252 gold pieces
  8875 | D:9      | Bought a pair of blackened gloves for 266 gold pieces
  8898 | D:9      | Identified the -1 pair of gloves of Hide-and-Seek {Int+3} (You bought it in a shop on level 9 of the Dungeon)
  8919 | D:9      | Identified the cursed +1 ring mail of Kirihoiq {Str+6} (You bought it in a shop on level 9 of the Dungeon)
  8974 | D:9      | Identified 7 potions of brilliance
  8984 | D:9      | Found a blossoming altar of Fedhas.
  9003 | D:9      | Noticed Erolcha
  9006 | D:9      | Reached skill level 6 in Invocations
  9015 | D:9      | Killed Erolcha
  9060 | D:9      | Reached XP level 11. HP: 54/87 MP: 19/19
  9571 | D:9      | Found a staircase to the Lair.
  9597 | D:9      | Received a gift from Trog
  9661 | D:9      | Found Foun's Food Emporium.
  9934 | D:9      | Found Eschaut's General Store.
  9938 | D:9      | Bought a scroll of fog for 28 gold pieces
  9993 | D:9      | Reached skill level 9 in Fighting
  9993 | D:9      | Reached skill level 9 in Long Blades
 10053 | D:9      | Found Ekainat's Magic Scroll Boutique.
 10103 | D:9      | Reached skill level 6 in Short Blades
 10103 | D:9      | Reached skill level 6 in Axes
 10103 | D:9      | Reached skill level 6 in Maces & Flails
 10103 | D:9      | Reached skill level 6 in Polearms
 10103 | D:9      | Reached skill level 6 in Staves
 10103 | D:9      | Reached skill level 6 in Slings
 10103 | D:9      | Reached skill level 6 in Bows
 10103 | D:9      | Reached skill level 6 in Crossbows
 10103 | D:9      | Reached skill level 6 in Throwing
 10103 | D:9      | Reached skill level 6 in Stealth
 10103 | D:9      | Reached skill level 6 in Shields
 10103 | D:9      | Reached skill level 6 in Unarmed Combat
 10103 | D:9      | Reached skill level 6 in Spellcasting
 10103 | D:9      | Reached skill level 6 in Evocations
 10131 | D:9      | Bought a scroll of identify for 28 gold pieces
 10131 | D:9      | Bought a scroll of teleportation for 42 gold pieces
 10144 | D:9      | Noticed a two-headed ogre
 10155 | D:9      | Killed a two-headed ogre
 10155 | D:9      | Reached skill level 5 in Conjurations
 10155 | D:9      | Reached skill level 5 in Hexes
 10155 | D:9      | Reached skill level 5 in Charms
 10155 | D:9      | Reached skill level 5 in Summonings
 10155 | D:9      | Reached skill level 5 in Necromancy
 10155 | D:9      | Reached skill level 5 in Translocations
 10155 | D:9      | Reached skill level 5 in Transmutations
 10155 | D:9      | Reached skill level 5 in Fire Magic
 10155 | D:9      | Reached skill level 5 in Ice Magic
 10155 | D:9      | Reached skill level 5 in Air Magic
 10155 | D:9      | Reached skill level 5 in Earth Magic
 10155 | D:9      | Reached skill level 5 in Poison Magic
 10545 | D:9      | Noticed a two-headed ogre
 10556 | D:9      | Killed a two-headed ogre
 10677 | D:9      | Noticed a centaur warrior
 10692 | D:9      | Killed a centaur warrior
 10778 | D:9      | Found a white marble altar of Elyvilon.
 10780 | D:9      | Found the +8 autumn katana {slice, Clar}
 10825 | Lair:1   | Entered Level 1 of the Lair of Beasts
 11013 | Lair:1   | Reached skill level 7 in Invocations
 11213 | Lair:1   | Reached skill level 8 in Armour
 11213 | Lair:1   | Reached skill level 8 in Dodging
 11235 | Lair:1   | Identified 3 scrolls of noise
 12283 | Lair:2   | Received a gift from Trog
 12656 | Lair:2   | Reached XP level 12. HP: 96/96 MP: 22/22
 12692 | Lair:2   | Received a gift from Trog
 13360 | Lair:2   | Reached skill level 7 in Short Blades
 13360 | Lair:2   | Reached skill level 7 in Axes
 13360 | Lair:2   | Reached skill level 7 in Maces & Flails
 13360 | Lair:2   | Reached skill level 7 in Polearms
 13360 | Lair:2   | Reached skill level 7 in Staves
 13360 | Lair:2   | Reached skill level 7 in Slings
 13360 | Lair:2   | Reached skill level 7 in Bows
 13360 | Lair:2   | Reached skill level 7 in Crossbows
 13360 | Lair:2   | Reached skill level 7 in Throwing
 13360 | Lair:2   | Reached skill level 7 in Stealth
 13360 | Lair:2   | Reached skill level 7 in Shields
 13360 | Lair:2   | Reached skill level 7 in Unarmed Combat
 13360 | Lair:2   | Reached skill level 7 in Spellcasting
 13360 | Lair:2   | Reached skill level 7 in Evocations
 13487 | Lair:2   | Identified 3 scrolls of fear
 13885 | Lair:3   | Received a gift from Trog
 13899 | Lair:3   | Identified 5 potions of degeneration
 14263 | Lair:3   | Received a gift from Trog
 14279 | Lair:3   | Reached skill level 6 in Conjurations
 14279 | Lair:3   | Reached skill level 6 in Hexes
 14279 | Lair:3   | Reached skill level 6 in Charms
 14279 | Lair:3   | Reached skill level 6 in Summonings
 14279 | Lair:3   | Reached skill level 6 in Necromancy
 14279 | Lair:3   | Reached skill level 6 in Translocations
 14279 | Lair:3   | Reached skill level 6 in Transmutations
 14279 | Lair:3   | Reached skill level 6 in Fire Magic
 14279 | Lair:3   | Reached skill level 6 in Ice Magic
 14279 | Lair:3   | Reached skill level 6 in Air Magic
 14279 | Lair:3   | Reached skill level 6 in Earth Magic
 14279 | Lair:3   | Reached skill level 6 in Poison Magic
 14506 | Lair:3   | Noticed a five-headed hydra
 14518 | Lair:3   | Killed a five-headed hydra
 14518 | Lair:3   | Reached skill level 8 in Invocations
 14945 | Lair:3   | Identified 2 scrolls of enchant weapon
 15219 | Lair:3   | Found a hole to the Spider Nest.
 15504 | Lair:4   | Noticed Rupert
 15517 | Lair:4   | Killed Rupert
 15517 | Lair:4   | Reached skill level 10 in Fighting
 15517 | Lair:4   | Reached skill level 10 in Long Blades
 15617 | Lair:4   | Reached skill level 9 in Armour
 15617 | Lair:4   | Reached skill level 9 in Dodging
 15642 | Lair:4   | Identified a +1 triple sword of slicing (You took it off Rupert on level 4 of the Lair of Beasts)
 15708 | Lair:4   | Identified 3 potions of heal wounds
 15927 | Lair:4   | Reached XP level 13. HP: 89/103 MP: 24/24
 16417 | Lair:4   | Found a staircase to the Swamp.
 16734 | Lair:4   | Received a gift from Trog
 16929 | Lair:5   | Reached skill level 8 in Short Blades
 16929 | Lair:5   | Reached skill level 8 in Axes
 16929 | Lair:5   | Reached skill level 8 in Maces & Flails
 16929 | Lair:5   | Reached skill level 8 in Polearms
 16929 | Lair:5   | Reached skill level 8 in Staves
 16929 | Lair:5   | Reached skill level 8 in Slings
 16929 | Lair:5   | Reached skill level 8 in Bows
 16929 | Lair:5   | Reached skill level 8 in Crossbows
 16929 | Lair:5   | Reached skill level 8 in Throwing
 16929 | Lair:5   | Reached skill level 8 in Stealth
 16929 | Lair:5   | Reached skill level 8 in Shields
 16929 | Lair:5   | Reached skill level 8 in Unarmed Combat
 16929 | Lair:5   | Reached skill level 8 in Spellcasting
 16929 | Lair:5   | Reached skill level 8 in Evocations
 17091 | Lair:5   | HP: 27/156 [lindwurm/blast of flame (21)]
 17100 | Lair:6   | Entered Level 6 of the Lair of Beasts
 17292 | Lair:6   | Identified +0 fire dragon scales (You found it on level 6 of the Lair of Beasts)
 17520 | Lair:6   | Reached skill level 9 in Invocations
 17543 | Lair:6   | Received a gift from Trog
 17723 | Lair:6   | Received a gift from Trog
 17809 | Lair:6   | Reached skill level 7 in Conjurations
 17809 | Lair:6   | Reached skill level 7 in Hexes
 17809 | Lair:6   | Reached skill level 7 in Charms
 17809 | Lair:6   | Reached skill level 7 in Summonings
 17809 | Lair:6   | Reached skill level 7 in Necromancy
 17809 | Lair:6   | Reached skill level 7 in Translocations
 17809 | Lair:6   | Reached skill level 7 in Transmutations
 17809 | Lair:6   | Reached skill level 7 in Fire Magic
 17809 | Lair:6   | Reached skill level 7 in Ice Magic
 17809 | Lair:6   | Reached skill level 7 in Air Magic
 17809 | Lair:6   | Reached skill level 7 in Earth Magic
 17809 | Lair:6   | Reached skill level 7 in Poison Magic
 17827 | Lair:6   | Received a gift from Trog
 17980 | Lair:6   | Paralysed by a hornet for 1 turns
 18420 | Lair:6   | Reached XP level 14. HP: 111/111 MP: 26/26
 18492 | Lair:6   | Found a staircase to the Slime Pits.
 19348 | Lair:6   | Found a runed gate.
 19349 | Lair:6   | Found a runed gate.
 19350 | Lair:6   | Found a runed gate.
 19354 | Lair:6   | Noticed Desemo's ghost (journeyman MiBe)
 19900 | Lair:5   | Reached skill level 10 in Armour
 19900 | Lair:5   | Reached skill level 10 in Dodging
 20293 | Lair:5   | Reached skill level 11 in Fighting
 20293 | Lair:5   | Reached skill level 11 in Long Blades
 20391 | Lair:5   | Reached skill level 9 in Short Blades
 20391 | Lair:5   | Reached skill level 9 in Axes
 20391 | Lair:5   | Reached skill level 9 in Maces & Flails
 20391 | Lair:5   | Reached skill level 9 in Polearms
 20391 | Lair:5   | Reached skill level 9 in Staves
 20391 | Lair:5   | Reached skill level 9 in Slings
 20391 | Lair:5   | Reached skill level 9 in Bows
 20391 | Lair:5   | Reached skill level 9 in Crossbows
 20391 | Lair:5   | Reached skill level 9 in Throwing
 20391 | Lair:5   | Reached skill level 9 in Stealth
 20391 | Lair:5   | Reached skill level 9 in Shields
 20391 | Lair:5   | Reached skill level 9 in Unarmed Combat
 20391 | Lair:5   | Reached skill level 9 in Spellcasting
 20391 | Lair:5   | Reached skill level 9 in Evocations
 20792 | D:10     | Entered Level 10 of the Dungeon
 20803 | D:10     | Noticed Maurice
 20809 | D:10     | Killed Maurice
 20809 | D:10     | Received a gift from Trog
 20870 | D:10     | Identified a +7 antimagic quick blade (Trog gifted it to you on level 10 of the Dungeon)
 21112 | D:10     | Identified 3 scrolls of magic mapping
 21206 | D:10     | Identified 3 potions of agility
 21287 | D:10     | Identified 2 potions of invisibility
 21406 | D:10     | Identified 2 potions of lignification
 21604 | D:11     | Identified a +0 troll leather armour
 21764 | D:11     | Identified 3 potions of mutation
 22000 | D:11     | Noticed Sonja
 22005 | D:11     | Killed Sonja
 22005 | D:11     | Reached skill level 10 in Invocations
 22068 | D:11     | Noticed Snorg
 22078 | D:11     | Killed Snorg
 22284 | D:11     | Identified 2 potions of berserk rage
 22294 | D:11     | Identified a +0 troll leather armour
 22413 | D:11     | Found a runed gate.
 22414 | D:11     | Found a runed gate.
 22415 | D:11     | Found a runed gate.
 22415 | D:11     | Noticed Jeal's ghost (journeyman FoBe)
 22489 | D:11     | Found a roughly hewn altar of Beogh.
 22497 | D:11     | Received a gift from Trog
 22565 | D:11     | Identified a +4 antimagic demon blade (Trog gifted it to you on level 11 of the Dungeon)
 22867 | D:11     | Identified a ring of magical power (You found it on level 11 of the Dungeon)
 22889 | D:12     | Found Yqiug's Weapon Emporium.
 23014 | D:12     | Found a staircase to the Orcish Mines.
 23157 | D:12     | Found a flagged portal.
 23164 | Bailey   | Entered a bailey
 23259 | Bailey   | Found a bloodstained altar of Trog.
 23285 | Bailey   | Got a dazzling leather armour
 23296 | Bailey   | Identified the +2 leather armour of Ecentib {rPois rF+ MR+} (You found it in a bailey)
 23372 | D:12     | Received a gift from Trog
 23421 | D:12     | Identified a +0 troll leather armour
 23502 | D:12     | Identified a scroll of immolation
 23788 | D:12     | Identified a scroll of vulnerability
 23878 | D:13     | Noticed Urug
 23893 | D:13     | Killed Urug
 23904 | D:13     | Identified a +2 demon trident (You took it off Urug on level 13 of the Dungeon)
 23910 | D:13     | Noticed Kirke
 23925 | D:13     | Killed Kirke
 23925 | D:13     | Reached skill level 8 in Conjurations
 23925 | D:13     | Reached skill level 8 in Hexes
 23925 | D:13     | Reached skill level 8 in Charms
 23925 | D:13     | Reached skill level 8 in Summonings
 23925 | D:13     | Reached skill level 8 in Necromancy
 23925 | D:13     | Reached skill level 8 in Translocations
 23925 | D:13     | Reached skill level 8 in Transmutations
 23925 | D:13     | Reached skill level 8 in Fire Magic
 23925 | D:13     | Reached skill level 8 in Ice Magic
 23925 | D:13     | Reached skill level 8 in Air Magic
 23925 | D:13     | Reached skill level 8 in Earth Magic
 23925 | D:13     | Reached skill level 8 in Poison Magic
 24044 | D:13     | Reached XP level 15. HP: 90/119 MP: 28/28
 24337 | D:13     | Received a gift from Trog
 24463 | D:13     | Noticed Josephine
 24478 | D:13     | Killed Josephine
 24478 | D:13     | Received a gift from Trog
 25182 | D:14     | Identified +0 acid dragon scales
 25367 | Orc:1    | Entered Level 1 of the Orcish Mines
 25597 | Orc:1    | Noticed an orc warlord
 25605 | Orc:1    | Reached ****** piety under Trog
 25608 | Orc:1    | Received a gift from Trog
 25616 | Orc:1    | Killed an orc warlord
 25703 | Orc:1    | Got a faintly glowing chain mail
 25717 | Orc:1    | Identified the +1 chain mail "Jumuogen" {Regen+} (You found it on level 1 of the Orcish Mines)
 26003 | Orc:1    | Found Ryehong's Weapon Shop.
 26091 | Orc:2    | Entered Level 2 of the Orcish Mines
 26099 | Orc:2    | Found a staircase to the Elven Halls.
 26104 | Orc:2    | Found Jeumoric's Antique Weapon Shop.
 26195 | Orc:2    | Found Tuxt's Distillery.
 26323 | Orc:2    | HP: 45/180 [orc knight/enchanted glaive (12)]
 26330 | Orc:2    | Reached skill level 10 in Short Blades
 26330 | Orc:2    | Reached skill level 10 in Axes
 26330 | Orc:2    | Reached skill level 10 in Maces & Flails
 26330 | Orc:2    | Reached skill level 10 in Polearms
 26330 | Orc:2    | Reached skill level 10 in Staves
 26330 | Orc:2    | Reached skill level 10 in Slings
 26330 | Orc:2    | Reached skill level 10 in Bows
 26330 | Orc:2    | Reached skill level 10 in Crossbows
 26330 | Orc:2    | Reached skill level 10 in Throwing
 26330 | Orc:2    | Reached skill level 10 in Stealth
 26330 | Orc:2    | Reached skill level 10 in Shields
 26330 | Orc:2    | Reached skill level 10 in Unarmed Combat
 26330 | Orc:2    | Reached skill level 10 in Spellcasting
 26330 | Orc:2    | Reached skill level 10 in Evocations
 26574 | Orc:2    | Found Hefatz's Jewellery Shop.
 26574 | Orc:2    | Found Decsis's Jewellery Shoppe.
 26622 | Orc:2    | Received a gift from Trog
 26628 | Orc:2    | Identified a +0 troll leather armour
 26819 | Orc:2    | Found a roughly hewn altar of Beogh.
 26931 | Orc:2    | Found a shimmering altar of Xom.
 26955 | Orc:2    | Identified a +0 troll leather armour
 27013 | Orc:1    | Noticed Fannar
 27031 | Orc:1    | Killed Fannar
 27031 | Orc:1    | Reached skill level 11 in Armour
 27031 | Orc:1    | Reached skill level 11 in Dodging
 27375 | Orc:2    | Found a roughly hewn altar of Beogh.
 27478 | Orc:2    | Found Milaaf's Antique Weapon Shoppe.
 27503 | Orc:2    | Bought a potion of heal wounds for 85 gold pieces
 27503 | Orc:2    | Bought a potion of haste for 170 gold pieces
 27503 | Orc:2    | Bought a potion of heal wounds for 85 gold pieces
 27503 | Orc:2    | Bought a potion of might for 68 gold pieces
 28092 | D:14     | Found a hide-covered altar of Uskayaw.
 28113 | D:14     | HP: 28/120 [slime creature (18)]
 28465 | D:14     | Received a gift from Trog
 28471 | D:14     | Reached skill level 11 in Invocations
 28751 | D:14     | Identified a +2 antimagic broad axe (Trog gifted it to you on level 14 of the Dungeon)
 29209 | D:14     | Reached skill level 12 in Fighting
 29209 | D:14     | Reached skill level 12 in Long Blades
 29339 | D:14     | Reached XP level 16. HP: 104/127 MP: 30/30
 29527 | D:14     | Got a sheer robe
 29757 | D:14     | Found a gate to the Vaults.
 29765 | D:14     | Identified a scroll of brand weapon
 30143 | D:14     | Found a runed door.
 30406 | D:14     | Found the +6 arbalest "Damnation" {damnation}
 30482 | D:14     | Identified the Catalogue of Floating Cold
 30498 | D:14     | Identified a ring of loudness (You found it on level 14 of the Dungeon)
 30540 | D:14     | Got a smoking hand axe
 30542 | D:14     | Identified the +9 hand axe of Vokhler {speed, rElec MR- Int+3 Dex+3} (You found it on level 14 of the Dungeon)
 30570 | D:15     | Entered Level 15 of the Dungeon
 30622 | D:15     | Found a frozen archway.
 30650 | IceCv    | Entered an ice cave
 30676 | IceCv    | Received a gift from Trog
 31001 | IceCv    | HP: 30/127 [something (5)]
 31011 | IceCv    | HP: 31/127 [ice devil (4)]
 31329 | IceCv    | Reached skill level 9 in Conjurations
 31329 | IceCv    | Reached skill level 9 in Hexes
 31329 | IceCv    | Reached skill level 9 in Charms
 31329 | IceCv    | Reached skill level 9 in Summonings
 31329 | IceCv    | Reached skill level 9 in Necromancy
 31329 | IceCv    | Reached skill level 9 in Translocations
 31329 | IceCv    | Reached skill level 9 in Transmutations
 31329 | IceCv    | Reached skill level 9 in Fire Magic
 31329 | IceCv    | Reached skill level 9 in Ice Magic
 31329 | IceCv    | Reached skill level 9 in Air Magic
 31329 | IceCv    | Reached skill level 9 in Earth Magic
 31329 | IceCv    | Reached skill level 9 in Poison Magic
 31673 | IceCv    | Identified a +1 scythe of freezing (You found it in an ice cave)
 31705 | IceCv    | Got a glittering jade amulet
 32193 | D:15     | Found a staircase to the Depths.
 32217 | D:15     | Received a gift from Trog
 32560 | D:15     | HP: 43/190 [cyclops/large rock (43)]
 32885 | D:15     | Identified a ring of resist corrosion (You found it on level 15 of the Dungeon)
 32969 | D:15     | Identified the amulet of Butchery {Inacc rF+} (You found it in an ice cave)
 32999 | D:15     | Identified 2 potions of ambrosia
 33627 | Swamp:1  | Entered Level 1 of the Swamp
 33891 | Swamp:1  | Received a gift from Trog
 34690 | Swamp:1  | Identified a +1 pair of boots (You found it on level 1 of the Swamp)
 34820 | D:9      | Bought a glowing cloak for 210 gold pieces
 34830 | D:9      | Identified a +2 cloak of invisibility (You bought it in a shop on level 9 of the Dungeon)
 35504 | Swamp:2  | Found a transporter.
 35537 | Swamp:2  | Noticed Lesufam's ghost (adept MiFi)
 35560 | Swamp:2  | Found a transporter.
 35844 | Swamp:2  | Identified +0 swamp dragon scales
 36117 | Swamp:2  | Received a gift from Trog
 36455 | Swamp:2  | Reached skill level 11 in Short Blades
 36455 | Swamp:2  | Reached skill level 11 in Axes
 36455 | Swamp:2  | Reached skill level 11 in Maces & Flails
 36455 | Swamp:2  | Reached skill level 11 in Polearms
 36455 | Swamp:2  | Reached skill level 11 in Staves
 36455 | Swamp:2  | Reached skill level 11 in Slings
 36455 | Swamp:2  | Reached skill level 11 in Bows
 36455 | Swamp:2  | Reached skill level 11 in Crossbows
 36455 | Swamp:2  | Reached skill level 11 in Throwing
 36455 | Swamp:2  | Reached skill level 11 in Stealth
 36455 | Swamp:2  | Reached skill level 11 in Shields
 36455 | Swamp:2  | Reached skill level 11 in Unarmed Combat
 36455 | Swamp:2  | Reached skill level 11 in Spellcasting
 36455 | Swamp:2  | Reached skill level 11 in Evocations
 36920 | Swamp:3  | Identified 2 potions of cancellation
 37117 | Swamp:3  | Identified +0 swamp dragon scales
 37117 | Swamp:3  | Reached XP level 17. HP: 135/135 MP: 32/32
 37123 | Swamp:3  | Identified +0 swamp dragon scales
 37336 | Swamp:3  | Reached skill level 12 in Invocations
 37365 | Swamp:3  | Identified a ring of dexterity (You found it on level 3 of the Swamp)
 38070 | Swamp:3  | Identified a scroll of holy word
 38359 | Swamp:4  | Entered Level 4 of the Swamp
 38457 | Swamp:4  | Noticed Roxanne
 38473 | Swamp:4  | Killed Roxanne
 38473 | Swamp:4  | Reached skill level 12 in Armour
 38473 | Swamp:4  | Reached skill level 12 in Dodging
 38506 | Swamp:4  | Identified Roxanne's Papyrus of Changing (You took it off Roxanne on level 4 of the Swamp)
 38961 | Swamp:4  | Identified +0 swamp dragon scales
 39418 | Swamp:4  | Received a gift from Trog
 39496 | Swamp:3  | HP: 50/202 [ten-headed hydra (7)]
 39815 | Swamp:4  | Identified +0 swamp dragon scales
 39972 | Swamp:4  | Received a gift from Trog
 40410 | Swamp:4  | Got a decaying rune of Zot
 40802 | Spider:1 | Entered Level 1 of the Spider Nest
 40868 | Spider:1 | Received a gift from Trog
 40976 | Spider:2 | Received a gift from Trog
 40979 | Spider:2 | Got a slimy quarterstaff {god gift}
 41026 | Spider:2 | Identified the +1 quarterstaff of Death {crush, +Inv rC+} (Trog gifted it to you on level 2 of the Spider Nest)
 41129 | Spider:1 | Reached skill level 13 in Fighting
 41129 | Spider:1 | Reached skill level 13 in Long Blades
 43142 | Spider:2 | Reached skill level 10 in Conjurations
 43142 | Spider:2 | Reached skill level 10 in Hexes
 43142 | Spider:2 | Reached skill level 10 in Charms
 43142 | Spider:2 | Reached skill level 10 in Summonings
 43142 | Spider:2 | Reached skill level 10 in Necromancy
 43142 | Spider:2 | Reached skill level 10 in Translocations
 43142 | Spider:2 | Reached skill level 10 in Transmutations
 43142 | Spider:2 | Reached skill level 10 in Fire Magic
 43142 | Spider:2 | Reached skill level 10 in Ice Magic
 43142 | Spider:2 | Reached skill level 10 in Air Magic
 43142 | Spider:2 | Reached skill level 10 in Earth Magic
 43142 | Spider:2 | Reached skill level 10 in Poison Magic
 43330 | Spider:2 | Reached XP level 18. HP: 102/143 MP: 33/33
 43482 | Spider:2 | Received a gift from Trog
 44172 | Spider:2 | Received a gift from Trog
 44885 | Spider:3 | Received a gift from Trog
 44912 | Spider:3 | Identified a +7 quick blade (Trog gifted it to you on level 3 of the Spider Nest)
 45090 | Spider:3 | Noticed an entropy weaver
 45102 | Spider:3 | Killed an entropy weaver
 45282 | Spider:3 | Identified a ring of positive energy (You took it off an entropy weaver on level 3 of the Spider Nest)
 45448 | Spider:3 | Noticed an entropy weaver
 45473 | Spider:3 | Killed an entropy weaver
 45473 | Spider:3 | Reached skill level 12 in Short Blades
 45473 | Spider:3 | Reached skill level 12 in Axes
 45473 | Spider:3 | Reached skill level 12 in Maces & Flails
 45473 | Spider:3 | Reached skill level 12 in Polearms
 45473 | Spider:3 | Reached skill level 12 in Staves
 45473 | Spider:3 | Reached skill level 12 in Slings
 45473 | Spider:3 | Reached skill level 12 in Bows
 45473 | Spider:3 | Reached skill level 12 in Crossbows
 45473 | Spider:3 | Reached skill level 12 in Throwing
 45473 | Spider:3 | Reached skill level 12 in Stealth
 45473 | Spider:3 | Reached skill level 12 in Shields
 45473 | Spider:3 | Reached skill level 12 in Unarmed Combat
 45473 | Spider:3 | Reached skill level 12 in Spellcasting
 45473 | Spider:3 | Reached skill level 12 in Evocations
 45699 | Spider:3 | Received a gift from Trog
 45729 | Spider:3 | Got a smoking hand axe {god gift}
 45730 | Spider:3 | Identified the +6 hand axe of Urgency {drain, Dex+2} (Trog gifted it to you on level 3 of the Spider Nest)
 45929 | Spider:3 | Identified a +2 cloak (You found it on level 3 of the Spider Nest)
 46116 | Spider:4 | Entered Level 4 of the Spider Nest
 46116 | Spider:4 | Noticed an entropy weaver
 46123 | Spider:4 | Killed an entropy weaver
 46129 | Spider:4 | Reached skill level 13 in Invocations
 47029 | Spider:4 | Received a gift from Trog
 47821 | Spider:4 | Reached skill level 13 in Armour
 47821 | Spider:4 | Reached skill level 13 in Dodging
 48157 | Spider:4 | Got a gossamer rune of Zot
 48531 | Elf:1    | Entered Level 1 of the Elven Halls
 48728 | Elf:1    | Reached XP level 19. HP: 134/151 MP: 35/35
 48814 | Elf:1    | Received a gift from Trog
 49130 | Elf:1    | Received a gift from Trog
 49858 | Elf:2    | Found a portal to a secret trove of treasure.
 49930 | Elf:2    | Identified a scroll of random uselessness
 50062 | Elf:2    | Received a gift from Trog
 50142 | Elf:2    | Noticed Jorgrun
 50203 | Elf:2    | Killed Jorgrun
 50435 | Elf:2    | Noticed Nikola
 50450 | Elf:2    | HP: 46/226 [Nikola/chain lightning (22)]
 50455 | Elf:2    | Killed Nikola
 50827 | Elf:2    | Found a huge runed gate.
 50829 | Elf:2    | Found a huge runed gate.
 50829 | Elf:2    | Found a huge runed gate.
 50830 | Elf:2    | Found a huge runed gate.
 50830 | Elf:2    | Found a huge runed gate.
 51081 | Elf:2    | Received a gift from Trog
 51087 | Elf:2    | Reached skill level 14 in Fighting
 51087 | Elf:2    | Reached skill level 14 in Long Blades
 51835 | Elf:2    | Reached skill level 11 in Conjurations
 51835 | Elf:2    | Reached skill level 11 in Hexes
 51835 | Elf:2    | Reached skill level 11 in Charms
 51835 | Elf:2    | Reached skill level 11 in Summonings
 51835 | Elf:2    | Reached skill level 11 in Necromancy
 51835 | Elf:2    | Reached skill level 11 in Translocations
 51835 | Elf:2    | Reached skill level 11 in Transmutations
 51835 | Elf:2    | Reached skill level 11 in Fire Magic
 51835 | Elf:2    | Reached skill level 11 in Ice Magic
 51835 | Elf:2    | Reached skill level 11 in Air Magic
 51835 | Elf:2    | Reached skill level 11 in Earth Magic
 51835 | Elf:2    | Reached skill level 11 in Poison Magic
 52073 | Elf:3    | Entered Level 3 of the Elven Halls
 52080 | Elf:3    | Noticed a deep elf sorcerer
 52087 | Elf:3    | Killed a deep elf sorcerer
 52455 | Elf:3    | Received a gift from Trog
 52679 | Elf:3    | Noticed a deep elf sorcerer
 52712 | Elf:3    | Killed a deep elf sorcerer
 52829 | Elf:3    | Noticed a deep elf demonologist
 52833 | Elf:3    | Noticed a Hell Sentinel
 52834 | Elf:3    | Killed a deep elf demonologist
 52860 | Elf:3    | Noticed a deep elf sorcerer
 52866 | Elf:3    | Killed a deep elf sorcerer
 52960 | Elf:3    | Noticed a deep elf demonologist
 52984 | Elf:3    | Killed a deep elf demonologist
 53046 | Elf:3    | Reached XP level 20. HP: 131/159 MP: 36/36
 53182 | Elf:3    | Reached skill level 13 in Short Blades
 53182 | Elf:3    | Reached skill level 13 in Axes
 53182 | Elf:3    | Reached skill level 13 in Maces & Flails
 53182 | Elf:3    | Reached skill level 13 in Polearms
 53182 | Elf:3    | Reached skill level 13 in Staves
 53182 | Elf:3    | Reached skill level 13 in Slings
 53182 | Elf:3    | Reached skill level 13 in Bows
 53182 | Elf:3    | Reached skill level 13 in Crossbows
 53182 | Elf:3    | Reached skill level 13 in Throwing
 53182 | Elf:3    | Reached skill level 13 in Stealth
 53182 | Elf:3    | Reached skill level 13 in Shields
 53182 | Elf:3    | Reached skill level 13 in Unarmed Combat
 53182 | Elf:3    | Reached skill level 13 in Spellcasting
 53182 | Elf:3    | Reached skill level 14 in Invocations
 53182 | Elf:3    | Reached skill level 13 in Evocations
 53295 | Elf:3    | Noticed a deep elf sorcerer
 53303 | Elf:3    | Killed a deep elf sorcerer
 53353 | Elf:3    | Found Plog's Antique Armour Emporium.
 53358 | Elf:3    | Bought a bloodstained plate armour for 924 gold pieces
 53358 | Elf:3    | Bought a distressingly furry plate armour for 924 gold pieces
 53378 | Elf:2    | Identified the cursed +1 plate armour of Fanaticism {*Drain Str+6 Dex+4} (You bought it in a shop on level 3 of the Elven Halls)
 53390 | Elf:2    | Identified the +8 plate armour of Gorunasm {Dex+2 Slay+3 SInv} (You bought it in a shop on level 3 of the Elven Halls)
 53422 | Elf:3    | Noticed a deep elf demonologist
 53439 | Elf:3    | Killed a deep elf demonologist
 53482 | Elf:3    | Noticed a deep elf demonologist
 53493 | Elf:3    | Killed a deep elf demonologist
 53746 | Elf:3    | Got a bloodstained chain mail
 54186 | Elf:3    | Noticed a deep elf demonologist
 54193 | Elf:3    | Killed a deep elf demonologist
 54213 | Elf:3    | Got a smoking halberd {pain}
 54248 | Elf:3    | Noticed a deep elf demonologist
 54253 | Elf:3    | Killed a deep elf demonologist
 54459 | Elf:3    | Identified the Disquisition on Enthralling Weightlessness
 54833 | Elf:3    | Identified the Tome of Moulding
 54907 | Elf:3    | Identified the Tome of Excruciating Venom
 55066 | Elf:3    | Identified the +2 chain mail of Contentment {Dex+5} (You took it off a deep elf high priest on level 3 of the Elven Halls)
 55078 | Elf:3    | Got a polished plate armour
 55089 | Elf:3    | Identified the +5 plate armour of Cuemajaveen {rPois rC+ Int+3 Dex-3} (You found it on level 3 of the Elven Halls)
 55173 | Elf:3    | Identified a +1 cloak of invisibility (You found it on level 3 of the Elven Halls)
 55211 | Elf:3    | Identified a scroll of silence
 55423 | Vaults:1 | Entered Level 1 of the Vaults
 55615 | Vaults:1 | Received a gift from Trog
 55887 | Vaults:1 | Received a gift from Trog
 56144 | Vaults:1 | Received a gift from Trog
 56404 | Vaults:1 | Reached skill level 14 in Armour
 56404 | Vaults:1 | Reached skill level 14 in Dodging
 56792 | Vaults:1 | Received a gift from Trog
 56957 | Vaults:1 | Noticed an entropy weaver
 57002 | Vaults:1 | Killed an entropy weaver
 57321 | Vaults:2 | Noticed an entropy weaver
 57326 | Vaults:2 | Killed an entropy weaver
 57464 | Vaults:2 | Reached XP level 21. HP: 166/166 MP: 38/38
 57798 | Vaults:2 | Noticed Mara
 57803 | Vaults:2 | Noticed hittemvvvvvvhard's illusion
 57844 | Vaults:2 | HP: 32/166 [Mara/bolt of fire (37)]
 58184 | Vaults:2 | Identified a +0 troll leather armour
 58185 | Vaults:2 | Identified a +0 troll leather armour
 58549 | Vaults:3 | Upgraded the game from 0.22-a0-512-g0943f25 to 0.22-a0-515-g75794bf
 58597 | Vaults:3 | Received a gift from Trog
 58603 | Vaults:3 | Identified a +0 troll leather armour
 58756 | Vaults:3 | Noticed a deep elf demonologist
 58764 | Vaults:3 | Killed a deep elf demonologist
 58968 | Vaults:3 | Identified a +0 troll leather armour
 59056 | Vaults:3 | Found a runed gate.
 59056 | Vaults:3 | Found a runed gate.
 59056 | Vaults:3 | Found a runed gate.
 59058 | Vaults:3 | Noticed Vuxyos's ghost (adept HOMo)
 59060 | Vaults:3 | Noticed Vuxyos's ghost (adept HOMo)
 59060 | Vaults:3 | Noticed Vuxyos's ghost (adept HOMo)
 59060 | Vaults:3 | Noticed Vuxyos's ghost (adept HOMo)
 59167 | Vaults:3 | Reached skill level 15 in Fighting
 59167 | Vaults:3 | Reached skill level 15 in Long Blades
 59190 | Vaults:3 | Identified +0 ice dragon scales
 59373 | Vaults:3 | Identified a +0 troll leather armour
 59382 | Vaults:3 | Received a gift from Trog
 59444 | Vaults:3 | Identified a +0 troll leather armour
 59461 | Vaults:3 | Identified a +0 troll leather armour
 59564 | Vaults:2 | Reached skill level 15 in Invocations
 59708 | Vaults:2 | Reached skill level 12 in Conjurations
 59708 | Vaults:2 | Reached skill level 12 in Hexes
 59708 | Vaults:2 | Reached skill level 12 in Charms
 59708 | Vaults:2 | Reached skill level 12 in Summonings
 59708 | Vaults:2 | Reached skill level 12 in Necromancy
 59708 | Vaults:2 | Reached skill level 12 in Translocations
 59708 | Vaults:2 | Reached skill level 12 in Transmutations
 59708 | Vaults:2 | Reached skill level 12 in Fire Magic
 59708 | Vaults:2 | Reached skill level 12 in Ice Magic
 59708 | Vaults:2 | Reached skill level 12 in Air Magic
 59708 | Vaults:2 | Reached skill level 12 in Earth Magic
 59708 | Vaults:2 | Reached skill level 12 in Poison Magic
 59720 | Vaults:2 | Received a gift from Trog
 59748 | Vaults:2 | Got a sapphire flail
 59769 | Vaults:2 | Noticed hittemvvvvvvhard's illusion
 60120 | Vaults:1 | Identified an amulet of the gourmand (You took it off an ironbrand convoker on level 1 of the Vaults)
 60232 | D:15     | Identified an amulet of magic regeneration (You found it on level 13 of the Dungeon)
 60314 | D:12     | Identified an amulet of reflection (You found it on level 12 of the Dungeon)
 60390 | D:11     | Killed Jeal's ghost
 60459 | D:11     | Got a polished falchion
 60462 | D:11     | Identified the cursed +1 falchion of Uhaeqiut {protect, MR+ Dex+3} (You found it on level 11 of the Dungeon)
 60743 | Vaults:2 | Found a staircase to the Crypt.
 60897 | Vaults:2 | Reached skill level 14 in Short Blades
 60897 | Vaults:2 | Reached skill level 14 in Axes
 60897 | Vaults:2 | Reached skill level 14 in Maces & Flails
 60897 | Vaults:2 | Reached skill level 14 in Polearms
 60897 | Vaults:2 | Reached skill level 14 in Staves
 60897 | Vaults:2 | Reached skill level 14 in Slings
 60897 | Vaults:2 | Reached skill level 14 in Bows
 60897 | Vaults:2 | Reached skill level 14 in Crossbows
 60897 | Vaults:2 | Reached skill level 14 in Throwing
 60897 | Vaults:2 | Reached skill level 14 in Stealth
 60897 | Vaults:2 | Reached skill level 14 in Shields
 60897 | Vaults:2 | Reached skill level 14 in Unarmed Combat
 60897 | Vaults:2 | Reached skill level 14 in Spellcasting
 60897 | Vaults:2 | Reached skill level 14 in Evocations
 61558 | Vaults:3 | Identified a +2 large shield (You took it off a vault warden on level 3 of the Vaults)
 62171 | Vaults:4 | Reached XP level 22. HP: 175/175 MP: 40/40
 62263 | Vaults:4 | Found Geuch's Antique Armour Shoppe.
 62328 | Vaults:4 | HP: 26/175 [tengu reaver/bolt of magma[Sojobo] (50)]
 62334 | Vaults:4 | HP: 37/175 [tengu reaver/fireball[Sojobo] (20)]
 62857 | Vaults:4 | Noticed Sojobo
 62871 | Vaults:4 | Killed Sojobo
 63247 | Vaults:4 | Found a large runed door.
 63247 | Vaults:4 | Found a large runed door.
 63247 | Vaults:4 | Found a large runed door.
 63247 | Vaults:4 | Found a large runed door.
 63247 | Vaults:4 | Found a large runed door.
 63247 | Vaults:4 | Found a large runed door.
 63247 | Vaults:4 | Noticed Vuxyos's ghost (adept HOMo)
 63257 | Vaults:4 | Found a large runed door.
 63395 | Vaults:4 | Bought a runed cloak for 255 gold pieces
 63405 | Vaults:4 | Identified a +1 cloak of magic resistance (You bought it in a shop on level 4 of the Vaults)
 63466 | Vaults:4 | Received a gift from Trog
 63617 | Vaults:4 | Identified the Handbook of Clay and the Entourage
 64047 | Vaults:4 | Found a large runed door.
 64079 | Vaults:4 | Killed Vuxyos's ghost
 64420 | Crypt:1  | Entered Level 1 of the Crypt
 64472 | Crypt:1  | Noticed a curse skull
 64480 | Crypt:1  | Killed a curse skull
 64480 | Crypt:1  | Reached skill level 15 in Armour
 64480 | Crypt:1  | Reached skill level 15 in Dodging
 64564 | Crypt:1  | Received a gift from Trog
 65204 | Crypt:2  | Received a gift from Trog
 65986 | Crypt:2  | Received a gift from Trog
 66325 | Crypt:2  | Identified Sif Muna's Incunabulum of Feathers and Attacks
 66529 | Crypt:3  | Entered Level 3 of the Crypt
 66624 | Crypt:3  | Reached XP level 23. HP: 178/182 MP: 41/41
 66629 | Crypt:3  | Received a gift from Trog
 66871 | Crypt:3  | Found a basalt altar of Yredelemnul.
 66894 | Crypt:3  | Received a gift from Trog
 67162 | Crypt:3  | Identified an amulet of rage (You found it on level 2 of the Crypt)
 67846 | Crypt:3  | Reached skill level 16 in Invocations
 67905 | Crypt:3  | Got a transparent leather armour
 67906 | Crypt:3  | Identified the +3 leather armour of Sin {rPois MR++ Int-5 Dex+3} (You found it on level 3 of the Crypt)
 67928 | Crypt:3  | Identified the Volume of Evil
 67988 | Crypt:3  | Received a gift from Trog
 68153 | Crypt:3  | Noticed a lich
 68167 | Crypt:3  | Killed a lich
 68591 | Crypt:3  | Got a crude halberd
 68592 | Crypt:3  | Identified the cursed +3 halberd of Karma {chop, rElec} (You found it on level 3 of the Crypt)
 68599 | Crypt:3  | Identified a ring of protection (You found it on level 3 of the Crypt)
 68663 | Crypt:3  | Reached skill level 16 in Fighting
 68663 | Crypt:3  | Reached skill level 16 in Long Blades
 68919 | Crypt:3  | Found a staircase to the Tomb.
 68919 | Crypt:3  | Noticed a curse skull
 68926 | Crypt:3  | Killed a curse skull
 69009 | Crypt:3  | Got a coiled amber ring
 69010 | Crypt:3  | Identified the ring "Fyfimef" {+Fly rPois rF- Int+2} (You found it on level 3 of the Crypt)
 69035 | Crypt:3  | Reached skill level 15 in Short Blades
 69035 | Crypt:3  | Reached skill level 15 in Axes
 69035 | Crypt:3  | Reached skill level 15 in Maces & Flails
 69035 | Crypt:3  | Reached skill level 15 in Polearms
 69035 | Crypt:3  | Reached skill level 15 in Staves
 69035 | Crypt:3  | Reached skill level 15 in Slings
 69035 | Crypt:3  | Reached skill level 15 in Bows
 69035 | Crypt:3  | Reached skill level 15 in Crossbows
 69035 | Crypt:3  | Reached skill level 15 in Throwing
 69035 | Crypt:3  | Reached skill level 15 in Stealth
 69035 | Crypt:3  | Reached skill level 15 in Shields
 69035 | Crypt:3  | Reached skill level 15 in Unarmed Combat
 69035 | Crypt:3  | Reached skill level 15 in Spellcasting
 69035 | Crypt:3  | Reached skill level 15 in Evocations
 69313 | Crypt:3  | HP: 50/274 [flayed ghost/flay_damage (30)]
 69360 | Crypt:3  | Identified the Tome of Mutagenic Heat
 69702 | Depths:1 | Entered Level 1 of the Depths
 69811 | Depths:1 | Found a gateway to Hell.
 69851 | Depths:1 | Reached skill level 13 in Conjurations
 69851 | Depths:1 | Reached skill level 13 in Hexes
 69851 | Depths:1 | Reached skill level 13 in Charms
 69851 | Depths:1 | Reached skill level 13 in Summonings
 69851 | Depths:1 | Reached skill level 13 in Necromancy
 69851 | Depths:1 | Reached skill level 13 in Translocations
 69851 | Depths:1 | Reached skill level 13 in Transmutations
 69851 | Depths:1 | Reached skill level 13 in Fire Magic
 69851 | Depths:1 | Reached skill level 13 in Ice Magic
 69851 | Depths:1 | Reached skill level 13 in Air Magic
 69851 | Depths:1 | Reached skill level 13 in Earth Magic
 69851 | Depths:1 | Reached skill level 13 in Poison Magic
 69873 | Depths:1 | Found a magical portal.
 69887 | WizLab   | Entered The Hall of the Hellbinder
 69918 | WizLab   | Received a gift from Trog
 69948 | WizLab   | Gained mutation: You are dopey. (Int -2) [a cacodemon]
 70452 | WizLab   | Found a burning altar of Makhleb.
 70784 | WizLab   | Identified a +2 cloak of magic resistance (You found it in a wizard's laboratory)
 70814 | WizLab   | Identified a +2 demon blade of freezing (You found it in a wizard's laboratory)
 70915 | WizLab   | Identified the Disquisition on Summoning
 71159 | Depths:1 | Noticed a lich
 71192 | Depths:1 | Identified a +0 troll leather armour
 71204 | Depths:1 | Identified a +0 troll leather armour
 71468 | Depths:1 | Got a translucent halberd
 71487 | Depths:1 | Received a gift from Trog
 71622 | Depths:1 | Reached XP level 24. HP: 185/191 MP: 42/42
 71736 | Depths:1 | Identified a scroll of summoning
 71737 | Depths:1 | Identified the +9 halberd of Qodocej {pain, MR+} (You found it on level 1 of the Depths)
 71931 | Depths:1 | Received a gift from Trog
 72506 | Depths:2 | Identified a cursed -2 helmet (You found it on level 2 of the Depths)
 72551 | Depths:2 | Found a one-way gate to the infinite horrors of the Abyss.
 72612 | Depths:2 | Paralysed by a floating eye for 2 turns
 73076 | D:9      | Bought the cursed +3 morningstar "Gaaschopt" {crush, rElec rF+} for 507 gold pieces
 73320 | Depths:2 | Identified a +0 troll leather armour
 73336 | Depths:2 | Received a gift from Trog
 73753 | Depths:2 | Noticed a lich
 73762 | Depths:2 | Killed a lich
 74122 | Depths:2 | Noticed a juggernaut
 74138 | Depths:2 | Killed a juggernaut
 74138 | Depths:2 | Reached skill level 16 in Armour
 74138 | Depths:2 | Reached skill level 16 in Dodging
 74154 | Depths:2 | Identified +0 fire dragon scales
 74758 | Depths:2 | Noticed an entropy weaver
 74758 | Depths:2 | an ice dragon changed into an entropy weaver
 74763 | Depths:2 | an entropy weaver changed into a spark wasp
 75948 | Depths:3 | Found a one-way gate leading to the halls of Pandemonium.
 76913 | Swamp:2  | Killed Lesufam's ghost
 76913 | Swamp:2  | Received a gift from Trog
 76934 | Swamp:2  | Reached skill level 17 in Invocations
 76980 | Swamp:2  | Identified a +2 antimagic executioner's axe (Trog gifted it to you on level 2 of the Swamp)
 77094 | Swamp:2  | Identified the ring "Poul" {Ice *Drain rPois Str+2 Int+4} (You found it on level 2 of the Swamp)
 77098 | Swamp:2  | Identified the +1 scale mail of the Curious Allies {rElec rPois MR+} (You found it on level 2 of the Swamp)
 77391 | Elf:2    | You paid a toll of 5 potions of resistance to enter a treasure trove
 77392 | Trove    | Entered a treasure trove
 77984 | Depths:5 | Entered Level 5 of the Depths
 78209 | Depths:5 | Reached XP level 25. HP: 154/200 MP: 42/42
 78700 | Depths:5 | Identified a +0 troll leather armour
 78709 | Depths:5 | Identified a +0 troll leather armour
 78709 | Depths:5 | Reached skill level 16 in Polearms
 78728 | Depths:5 | Identified a +0 troll leather armour
 78823 | Depths:5 | Found Viyh's Gadget Emporium.
 78864 | Depths:5 | Identified a +0 troll leather armour
 78868 | Depths:5 | Identified a +0 troll leather armour
 79782 | Depths:5 | Reached skill level 16 in Short Blades
 79782 | Depths:5 | Reached skill level 16 in Axes
 79782 | Depths:5 | Reached skill level 16 in Maces & Flails
 79782 | Depths:5 | Reached skill level 16 in Staves
 79782 | Depths:5 | Reached skill level 16 in Slings
 79782 | Depths:5 | Reached skill level 16 in Bows
 79782 | Depths:5 | Reached skill level 16 in Crossbows
 79782 | Depths:5 | Reached skill level 16 in Throwing
 79782 | Depths:5 | Reached skill level 16 in Stealth
 79782 | Depths:5 | Reached skill level 16 in Shields
 79782 | Depths:5 | Reached skill level 16 in Unarmed Combat
 79782 | Depths:5 | Reached skill level 16 in Spellcasting
 79782 | Depths:5 | Reached skill level 16 in Evocations
 80129 | Depths:5 | Found a gate to the Realm of Zot.
 80445 | Depths:5 | Reached skill level 17 in Fighting
 80445 | Depths:5 | Reached skill level 17 in Long Blades
 80480 | Depths:5 | Received a gift from Trog
 81334 | Depths:4 | Got a clouded platinum ring
 81335 | Depths:4 | Identified the cursed ring "Jamm" {EV-3 Str+6} (You found it on level 4 of the Depths)
 81876 | Depths:4 | Reached skill level 14 in Conjurations
 81876 | Depths:4 | Reached skill level 14 in Hexes
 81876 | Depths:4 | Reached skill level 14 in Charms
 81876 | Depths:4 | Reached skill level 14 in Summonings
 81876 | Depths:4 | Reached skill level 14 in Necromancy
 81876 | Depths:4 | Reached skill level 14 in Translocations
 81876 | Depths:4 | Reached skill level 14 in Transmutations
 81876 | Depths:4 | Reached skill level 14 in Fire Magic
 81876 | Depths:4 | Reached skill level 14 in Ice Magic
 81876 | Depths:4 | Reached skill level 14 in Air Magic
 81876 | Depths:4 | Reached skill level 14 in Earth Magic
 81876 | Depths:4 | Reached skill level 14 in Poison Magic
 81941 | Depths:4 | Received a gift from Trog
 82139 | Depths:4 | Identified the ring "Bimenav" {rElec EV+2} (You found it on level 4 of the Depths)
 82141 | Depths:4 | Identified a ring of stealth (You found it on level 4 of the Depths)
 82153 | Depths:4 | Found a gateway to a ziggurat.
 82731 | Vaults:5 | Entered Level 5 of the Vaults
 82861 | Vaults:5 | Noticed a deep elf sorcerer
 83009 | Vaults:5 | Reached skill level 17 in Polearms
 83149 | Vaults:4 | Reached XP level 26. HP: 178/208 MP: 43/43
 83229 | Vaults:5 | Noticed Mennas
 83241 | Vaults:4 | Killed a deep elf sorcerer
 83256 | Vaults:4 | Identified +0 shadow dragon scales
 83259 | Vaults:4 | Received a gift from Trog
 83264 | Vaults:4 | Got a distressingly furry plate armour
 83310 | Vaults:4 | Identified an amulet of regeneration (You took it off an orc knight on level 4 of the Vaults)
 83313 | Vaults:4 | Identified the +4 plate armour "Juuhissi" {rN+} (You took it off an orc knight on level 4 of the Vaults)
 83346 | Vaults:4 | Killed Mennas
 83358 | Vaults:4 | Identified a +2 trishula of holy wrath (You took it off Mennas on level 4 of the Vaults)
 83439 | Vaults:5 | Noticed an entropy weaver
 83448 | Vaults:5 | Killed an entropy weaver
 83583 | Vaults:5 | Noticed a lich
 83599 | Vaults:5 | Killed a lich
 83601 | Vaults:5 | Noticed a deep elf sorcerer
 83616 | Vaults:5 | Killed a deep elf sorcerer
 83616 | Vaults:5 | Reached skill level 17 in Armour
 83616 | Vaults:5 | Reached skill level 17 in Dodging
 83769 | Vaults:5 | Identified a +0 helmet of intelligence (You found it on level 5 of the Vaults)
 83819 | Vaults:5 | Identified The Lost Handbook of the Deep Elf Lorekeeper
 84106 | Vaults:5 | Identified +0 storm dragon scales
 84322 | Vaults:5 | Identified +0 storm dragon scales
 84322 | Vaults:5 | Noticed an ancient lich
 84619 | Vaults:5 | Received a gift from Trog
 84629 | Vaults:5 | Killed an ancient lich
 84634 | Vaults:5 | Reached skill level 18 in Invocations
 84877 | Vaults:5 | Noticed a deep elf demonologist
 85214 | Vaults:5 | Noticed Margery
 85218 | Vaults:5 | Noticed a Tzitzimitl
 85223 | Vaults:4 | Killed a deep elf demonologist
 85467 | Vaults:5 | Killed Margery
 85649 | Vaults:5 | Identified +0 gold dragon scales
 85703 | Vaults:5 | Noticed a caustic shrike
 85703 | Vaults:5 | an iron giant changed into a caustic shrike
 85705 | Vaults:5 | a caustic shrike changed into an iron giant
 85769 | Vaults:5 | Identified a ring of protection from fire (You took it off a vault sentinel on level 5 of the Vaults)
 85788 | Vaults:5 | Identified the Disquisition on Entrancing Snow
 85814 | Vaults:5 | Identified a scroll of torment
 86069 | Vaults:5 | Identified a +1 cloak (You found it on level 5 of the Vaults)
 86512 | Vaults:5 | Identified a +2 plate armour of cold resistance (You found it on level 5 of the Vaults)
 86523 | Vaults:5 | Identified the Papyrus of Changing and the Blaze
 86645 | Vaults:5 | Got a silver rune of Zot
 87100 | Elf:2    | Identified a +1 pair of gloves (You took it off Nikola on level 2 of the Elven Halls)
 87687 | Zig:1    | Entered Level 1 of a ziggurat
 87726 | Zig:2    | Entered Level 2 of a ziggurat
 87747 | Zig:2    | Reached skill level 18 in Polearms
 87778 | Zig:3    | Entered Level 3 of a ziggurat
 87819 | Zig:4    | Entered Level 4 of a ziggurat
 87877 | Zig:4    | Identified Dispater's Papyrus of Combat Magic
 87889 | Zig:5    | Entered Level 5 of a ziggurat
 87893 | Zig:5    | Noticed a caustic shrike
 87960 | Zig:5    | Killed a caustic shrike
 87973 | Zig:5    | Received a gift from Trog
 87977 | Zig:5    | Reached XP level 27. HP: 207/215 MP: 14/43
 88159 | Zig:6    | Entered Level 6 of a ziggurat
 88179 | Zig:6    | Reached skill level 17 in Short Blades
 88179 | Zig:6    | Reached skill level 17 in Axes
 88179 | Zig:6    | Reached skill level 17 in Maces & Flails
 88179 | Zig:6    | Reached skill level 17 in Staves
 88179 | Zig:6    | Reached skill level 17 in Slings
 88179 | Zig:6    | Reached skill level 17 in Bows
 88179 | Zig:6    | Reached skill level 17 in Crossbows
 88179 | Zig:6    | Reached skill level 17 in Throwing
 88179 | Zig:6    | Reached skill level 17 in Stealth
 88179 | Zig:6    | Reached skill level 17 in Shields
 88179 | Zig:6    | Reached skill level 17 in Unarmed Combat
 88179 | Zig:6    | Reached skill level 17 in Spellcasting
 88179 | Zig:6    | Reached skill level 17 in Evocations
 88217 | Zig:6    | Got a steaming flail
 88222 | Zig:6    | Identified the cursed +0 flail "Jelly's Peril" {freeze, rElec} (You found it on level 6 of a ziggurat)
 88254 | Zig:7    | Entered Level 7 of a ziggurat
 88261 | Zig:7    | Identified a potion of experience
 88374 | Zig:7    | Got a twisted dagger
 88377 | Zig:7    | Identified the cursed +1 dagger "Lecul" {pierce, -Tele Dex+4 Stlth+} (You found it on level 7 of a ziggurat)
 88381 | Zig:7    | Identified the ring "Togh" {rC+ Dex+4 Stlth+} (You found it on level 7 of a ziggurat)
 88389 | Zig:7    | Reached skill level 18 in Fighting
 88389 | Zig:7    | Reached skill level 18 in Long Blades
 88394 | Zig:8    | Entered Level 8 of a ziggurat
 88402 | Zig:8    | Noticed a curse skull
 88415 | Zig:8    | Noticed a lich
 88429 | Zig:8    | Killed a lich
 88437 | Zig:8    | Killed a curse skull
 88447 | Zig:8    | Reached skill level 15 in Air Magic
 88448 | Zig:8    | HP: 79/322 [ancient champion/bolt of negative energy (46)]
 88456 | Zig:8    | HP: 74/322 [soul eater/drain life (11)]
 88460 | Zig:8    | HP: 33/215 [ancient champion/bolt of negative energy (21)]
 88463 | Zig:9    | Entered Level 9 of a ziggurat
 88469 | Zig:9    | Noticed a curse skull
 88470 | Zig:9    | Noticed a curse skull
 88472 | Zig:9    | Noticed an ancient lich
 88472 | Zig:9    | Noticed a lich
 88473 | Zig:9    | Found the +8 longbow "Zephyr" {speed, Dex+3 SInv}
 88896 | Zot:1    | Entered Level 1 of the Realm of Zot
 89069 | Zot:1    | HP: 28/217 [purple draconian/bolt of dispelling energy (43)]
 89512 | Zot:1    | Received a gift from Trog
 90381 | Zot:3    | Reached skill level 15 in Conjurations
 90381 | Zot:3    | Reached skill level 15 in Hexes
 90381 | Zot:3    | Reached skill level 15 in Charms
 90381 | Zot:3    | Reached skill level 15 in Summonings
 90381 | Zot:3    | Reached skill level 15 in Necromancy
 90381 | Zot:3    | Reached skill level 15 in Translocations
 90381 | Zot:3    | Reached skill level 15 in Transmutations
 90381 | Zot:3    | Reached skill level 15 in Fire Magic
 90381 | Zot:3    | Reached skill level 15 in Ice Magic
 90381 | Zot:3    | Reached skill level 15 in Earth Magic
 90381 | Zot:3    | Reached skill level 15 in Poison Magic
 90768 | Zot:4    | Got an encrusted quarterstaff
 90769 | Zot:4    | Identified the +4 quarterstaff of Luopp {venom, +Inv rN+ Int-5} (You found it on level 4 of the Realm of Zot)
 90781 | Zot:5    | Entered Level 5 of the Realm of Zot
 91013 | Zot:4    | Received a gift from Trog
 91193 | Zot:5    | Reached skill level 18 in Armour
 91193 | Zot:5    | Reached skill level 18 in Dodging
 91715 | Zot:5    | Noticed an ancient lich
 91733 | Zot:5    | Killed an ancient lich
 91733 | Zot:5    | Reached skill level 19 in Invocations
 91766 | Zot:5    | Received a gift from Trog
 91784 | Zot:5    | Noticed an orb of fire
 91807 | Zot:5    | Killed an orb of fire
 91939 | Zot:5    | Noticed an orb of fire
 91943 | Zot:5    | Noticed an ancient lich
 91955 | Zot:5    | Killed an orb of fire
 91982 | Zot:5    | Killed an ancient lich
 91982 | Zot:5    | Reached skill level 19 in Polearms
 92395 | Zot:5    | Noticed an orb of fire
 92417 | Zot:5    | Killed an orb of fire
 92652 | Zot:5    | Reached skill level 18 in Short Blades
 92652 | Zot:5    | Reached skill level 18 in Axes
 92652 | Zot:5    | Reached skill level 18 in Maces & Flails
 92652 | Zot:5    | Reached skill level 18 in Staves
 92652 | Zot:5    | Reached skill level 18 in Slings
 92652 | Zot:5    | Reached skill level 18 in Bows
 92652 | Zot:5    | Reached skill level 18 in Crossbows
 92652 | Zot:5    | Reached skill level 18 in Throwing
 92652 | Zot:5    | Reached skill level 18 in Stealth
 92652 | Zot:5    | Reached skill level 18 in Shields
 92652 | Zot:5    | Reached skill level 18 in Unarmed Combat
 92652 | Zot:5    | Reached skill level 18 in Spellcasting
 92652 | Zot:5    | Reached skill level 18 in Evocations
 92715 | Zot:5    | Noticed an orb of fire
 92777 | Zot:5    | Noticed an orb of fire
 92793 | Zot:5    | Killed an orb of fire
 92805 | Zot:5    | Gained mutation: You are agile. (Dex +2) [an orb of fire]
 92806 | Zot:5    | HP: 60/330 [orb of fire/bolt of fire (24)]
 92811 | Zot:5    | HP: 38/330 [orb of fire/bolt of fire (24)]
 92814 | Zot:5    | HP: 9/330 [orb of fire/fireball (30)]
 92815 | Zot:5    | Killed an orb of fire
 92864 | Zot:5    | Got the Orb of Zot
 92885 | Zot:5    | Noticed an ancient lich
 93055 | Depths:3 | Noticed a Brimstone Fiend
 93062 | Depths:3 | Killed a Brimstone Fiend
 93172 | Depths:1 | Noticed Atiutwal the pandemonium lord
 93173 | Depths:1 | Noticed an ancient lich
 93245 | Depths:1 | Noticed Ogeazxyo the pandemonium lord
 93298 | Depths:1 | Gained mutation: Your body sometimes deteriorates upon taking damage. [a neqoxec]
 93454 | Depths:2 | Noticed an Ice Fiend
 93589 | Depths:1 | Noticed an Ice Fiend
 93595 | Depths:1 | Killed an Ice Fiend
 93905 | Depths:1 | Noticed a Tzitzimitl
 93911 | Depths:1 | Killed a Tzitzimitl
 94072 | Depths:1 | Noticed Qemm the pandemonium lord
 94108 | Depths:1 | HP: 55/220 [quasit[a neqoxec] (1)]
 94116 | D:15     | HP: 28/220 [??? (26)]
 94274 | D:15     | Reached skill level 19 in Fighting
 94274 | D:15     | Reached skill level 19 in Long Blades
 94506 | D:15     | Noticed Newn the pandemonium lord
 94673 | D:15     | Noticed Fuanariu the pandemonium lord
 94759 | D:15     | Noticed a Brimstone Fiend
 94783 | D:15     | HP: 52/221 [Orb Guardian (8)]
 94788 | D:14     | HP: 49/221 [poisoned by an infernal demonspawn]
 94793 | D:15     | HP: 69/331 [Executioner (1)]
 94798 | D:15     | HP: 51/331 [poisoned by an infernal demonspawn]
 94800 | D:15     | Received a gift from Trog
 94807 | D:15     | HP: 51/331 [poisoned by an infernal demonspawn]
 94813 | D:15     | HP: 37/221 [poisoned by an infernal demonspawn]
 94820 | D:15     | HP: 49/221 [poisoned by an infernal demonspawn]
 94838 | D:15     | Gained mutation: You occasionally shout uncontrollably at your foes. [a cacodemon]
 94943 | D:15     | Noticed Zuigua the pandemonium lord
 94954 | D:15     | Noticed a lich
 94954 | D:15     | HP: 53/221 [lich/bolt of negative energy[Atho] (34)]
 94960 | D:15     | HP: 43/221 [sun demon[a balrug] (12)]
 94961 | D:15     | HP: 17/221 [balrug/divine providence (9)]
 94963 | D:15     | HP: 5/221 [balrug/divine providence (14)]
 94963 | D:15     | Killed from afar by a balrug

Table legend:
 A = Turns spent in this place as a percentage of turns spent in the entire game.
 B = Non-inter-level travel turns spent in this place as a percentage of non-inter-level travel turns spent in the entire game.
 C = Inter-level travel turns spent in this place as a percentage of turns spent in this place.
 D = Turns resting spent in this place as a percentage of non-inter-level travel turns spent in this place.
 E = Turns spent auto-exploring this place as a percentage of non-inter-level travel turns spent in this place.
 F = Non-inter-level travel turns spent in this place divided by the number of levels of this place that you've seen.
                   A       B       C       D       E      F
               +-------+-------+-------+-------+-------+----------------------
         Total | 100.0 | 100.0 |   6.8 |  18.3 |  55.7 | 1361.6
       Dungeon |  23.0 |  22.3 |   9.3 |  17.4 |  61.4 | 1317.8
          Lair |  11.0 |  10.9 |   7.7 |  14.4 |  67.7 | 1611.2
         Swamp |   7.5 |   7.8 |   3.6 |  12.8 |  68.3 | 1725.5
   Spider Nest |   7.9 |   8.3 |   2.4 |   4.3 |  71.9 | 1839.2
  Orcish Mines |   2.9 |   2.8 |  12.4 |   5.7 |  69.3 | 1217.0
   Elven Halls |   7.6 |   7.4 |   8.8 |  13.8 |  61.9 | 2181.3
        Vaults |  13.8 |  13.6 |   8.3 |  25.8 |  44.4 | 2406.0
         Crypt |   5.3 |   5.5 |   4.0 |  20.5 |  50.5 | 1622.0
        Depths |  13.7 |  13.6 |   7.0 |  20.7 |  50.6 | 2412.2
           Zot |   3.4 |   3.6 |   0.2 |  34.0 |   0.0 | 639.2
      Ziggurat |   0.8 |   0.9 |   0.0 |  10.3 |  37.3 |  87.6
         Trove |   0.0 |   0.0 |   0.0 |   0.0 |   0.0 |  44.0
        Bailey |   0.2 |   0.2 |   0.0 |   0.0 |  41.2 | 204.0
      Ice Cave |   1.5 |   1.6 |   0.0 |  58.4 |  17.5 | 1445.0
        Wizlab |   1.3 |   1.4 |   0.0 |  44.9 |  28.4 | 1197.0
               +-------+-------+-------+-------+-------+----------------------

Table legend:
 A = Kills in this place as a percentage of kills in entire the game.
 B = Kills by you in this place as a percentage of kills by you in the entire game.
 C = Kills by friends in this place as a percentage of kills by friends in the entire game.
 D = Other kills in this place as a percentage of other kills in the entire game.
 E = Experience gained in this place as a percentage of experience gained in the entire game.
 F = Experience gained in this place divided by the number of levels of this place that you have seen.
                   A       B       C       D       E      F
               +-------+-------+-------+-------+-------+----------------------
         Total | 100.0 | 100.0 | 100.0 | 100.0 | 100.0 | 24617.8
       Dungeon |  21.2 |  21.7 |  16.5 |   0.0 |   6.9 | 7388.1
          Lair |   8.8 |   9.0 |   7.3 |   0.0 |   3.1 | 8392.3
         Swamp |   6.3 |   5.8 |  14.0 |   5.0 |   4.4 | 17588.0
   Spider Nest |   8.7 |   8.6 |  11.6 |   0.0 |   5.8 | 23252.2
  Orcish Mines |   4.5 |   4.4 |   6.7 |   0.0 |   1.3 | 10084.5
   Elven Halls |   5.5 |   4.9 |  14.6 |   5.0 |   7.5 | 39989.0
        Vaults |  16.1 |  16.6 |   6.1 |  30.0 |  23.6 | 75659.8
         Crypt |   7.8 |   7.9 |   7.3 |   0.0 |   8.1 | 43292.3
        Depths |  12.3 |  12.4 |   5.5 |  55.0 |  18.2 | 58391.2
           Zot |   4.2 |   4.4 |   1.8 |   0.0 |  16.5 | 52943.0
      Ziggurat |   1.7 |   1.7 |   1.8 |   0.0 |   2.9 | 5105.0
        Bailey |   0.6 |   0.6 |   0.0 |   0.0 |   0.0 | 443.0
      Ice Cave |   1.1 |   1.1 |   1.2 |   0.0 |   0.2 | 3968.0
        Wizlab |   1.2 |   0.9 |   5.5 |   5.0 |   1.3 | 20278.0
               +-------+-------+-------+-------+-------+----------------------

Skill      XL: |  1  2  3  4  5  6  7  8  9 10 11 12 13 14 15 16 17 18 19 20 21 22 23 24 25 26 27 |
---------------+----------------------------------------------------------------------------------+-----
Invocations    | 1 2 3 4 5 6 7 8 9 10 11 12 13 14 15 16 17 18 19 | 19.6
Short Blades   | 1 2 3 4 5 6 7 8 9 10 11 12 13 14 15 16 18 | 18.2
Axes           | 1 2 3 4 5 6 7 8 9 10 11 12 13 14 15 16 18 | 18.2
Maces & Flails | 1 2 3 4 5 6 7 8 9 10 11 12 13 14 15 16 18 | 18.2
Polearms       | 1 2 3 4 5 6 7 8 9 10 11 12 13 14 15 17 18 19 | 19.3
Staves         | 1 2 3 4 5 6 7 8 9 10 11 12 13 14 15 16 18 | 18.2
Slings         | 1 2 3 4 5 6 7 8 9 10 11 12 13 14 15 16 18 | 18.2
Bows           | 1 2 3 4 5 6 7 8 9 10 11 12 13 14 15 16 18 | 18.2
Crossbows      | 1 2 3 4 5 6 7 8 9 10 11 12 13 14 15 16 18 | 18.2
Throwing       | 1 2 3 4 5 6 7 8 9 10 11 12 13 14 15 16 18 | 18.2
Stealth        | 1 2 3 4 5 6 7 8 9 10 11 12 13 14 15 16 18 | 18.2
Shields        | 1 2 3 4 5 6 7 8 9 10 11 12 13 14 15 16 18 | 18.2
Unarmed Combat | 1 2 3 4 5 6 7 8 9 10 11 12 13 14 15 16 18 | 18.2
Spellcasting   | 1 2 3 4 5 6 7 8 9 10 11 12 13 14 15 16 18 | 18.2
Evocations     | 1 2 3 4 5 6 7 8 9 10 11 12 13 14 15 16 18 | 18.2
Conjurations   | 1 2 3 4 5 6 7 8 9 10 11 12 13 14 15 | 15.7
Hexes          | 1 2 3 4 5 6 7 8 9 10 11 12 13 14 15 | 15.7
Charms         | 1 2 3 4 5 6 7 8 9 10 11 12 13 14 15 | 15.7
Summonings     | 1 2 3 4 5 6 7 8 9 10 11 12 13 14 15 | 15.7
Necromancy     | 1 2 3 4 5 6 7 8 9 10 11 12 13 14 15 | 15.7
Translocations | 1 2 3 4 5 6 7 8 9 10 11 12 13 14 15 | 15.7
Transmutations | 1 2 3 4 5 6 7 8 9 10 11 12 13 14 15 | 15.7
Fire Magic     | 1 2 3 4 5 6 7 8 9 10 11 12 13 14 15 | 15.7
Ice Magic      | 1 2 3 4 5 6 7 8 9 10 11 12 13 14 15 | 15.7
Air Magic      | 1 2 3 4 5 6 7 8 9 10 11 12 13 14 15 | 15.9
Earth Magic    | 1 2 3 4 5 6 7 8 9 10 11 12 13 14 15 | 15.7
Poison Magic   | 1 2 3 4 5 6 7 8 9 10 11 12 13 14 15 | 15.7
Armour         | 5 6 7 8 9 10 11 12 13 14 15 16 17 18 | 18.6
Dodging        | 5 6 7 8 9 10 11 12 13 14 15 16 17 18 | 18.6
Fighting       | 7 8 9 10 11 12 13 14 15 16 17 19 | 19.0
Long Blades    | 7 8 9 10 11 12 13 14 15 16 17 19 | 19.0

Action                   |  1- 3 |  4- 6 |  7- 9 | 10-12 | 13-15 | 16-18 | 19-21 | 22-24 | 25-27 || total
-------------------------+-------+-------+-------+-------+-------+-------+-------+-------+-------++-------
Melee: Falchion          |    86 |   110 |       |       |       |       |       |       |       ||   196
       Bite              |     7 |    23 |    54 |   120 |   210 |   275 |   311 |   494 |   540 ||  2034
       Mace              |       |    37 |   280 |   554 |    23 |       |       |       |       ||   894
       Punch             |       |       |     4 |       |       |       |       |       |       ||     4
       Katana            |       |       |       |    46 |  1025 |  1496 |  1411 |  1422 |  1496 ||  6896
       Demon blade       |       |       |       |       |    40 |       |       |   293 |   727 ||  1060
       Morningstar       |       |       |       |       |       |       |       |   396 |   431 ||   827
 Fire: Fustibalus        |       |       |     6 |    14 |    13 |       |       |       |       ||    33
Throw: Stone             |     9 |    87 |   112 |   198 |   518 |   878 |   190 |   189 |   196 ||  2377
Invok: Berserk           |       |     3 |     8 |     9 |    14 |    10 |    13 |    13 |    28 ||    98
       Trog's Hand       |       |     3 |     2 |     2 |     6 |    12 |    14 |     8 |    22 ||    69
       Brothers in Arms  |       |       |       |     5 |     4 |    14 |    17 |     9 |    14 ||    63
 Abil: Evoke Flight      |       |       |       |       |       |       |       |       |     2 ||     2
Evoke: Wand              |       |       |       |       |     3 |       |     3 |     6 |    51 ||    63
  Use: Scroll            |     1 |     5 |     3 |     9 |    13 |    18 |    11 |    17 |    35 ||   112
       Potion            |       |     1 |       |       |       |     1 |     3 |     6 |    53 ||    64
 Stab: Sleeping          |     5 |     1 |     4 |     3 |    13 |    10 |     7 |     2 |     2 ||    47
       Distracted        |       |       |       |     2 |     2 |     2 |     8 |     9 |     2 ||    25
       Paralysed         |       |       |       |       |     1 |       |       |     3 |    20 ||    24
       Betrayed ally     |       |       |       |       |       |       |     1 |       |       ||     1
       Fleeing           |       |       |       |       |       |       |       |       |     1 ||     1
  Eat: Chunk             |     1 |     8 |    17 |    25 |    32 |    25 |    48 |    18 |     7 ||   181
       Ration            |       |     1 |     1 |     4 |     8 |    17 |     5 |    16 |    26 ||    78
Armor: Animal skin       |    10 |    18 |       |       |       |       |       |       |       ||    28
       Scale mail        |       |     7 |    18 |       |       |       |       |       |       ||    25
       Leather armour    |       |       |    74 |   146 |   123 |   265 |    30 |       |       ||   638
       Plate armour      |       |       |       |       |       |       |   174 |   439 |   597 ||  1210
Dodge: Dodged            |    57 |   114 |   171 |   238 |   341 |   568 |   300 |   429 |   740 ||  2958
Block: Large shield      |       |       |   132 |   556 |   834 |  1527 |  1220 |  2517 |  3319 || 10105
       Reflection        |       |       |       |       |       |       |    13 |    69 |    72 ||   154
       Rpst.: Falchion   |    21 |    19 |       |       |       |       |       |       |       ||    40
       Katana            |       |       |       |     2 |    83 |    76 |    48 |    43 |    56 ||   308
       Demon blade       |       |       |       |       |     3 |       |       |    19 |    33 ||    55

Vanquished Creatures
  5 orbs of fire (Zot:5)
  Mennas (Vaults:4)
  3 ancient liches
  A juggernaut (Depths:2)
  Sojobo (Vaults:4)
  Margery (Vaults:5)
  A Killer Klown (Zot:5)
  A caustic shrike (Zig:5)
  Nikola (Elf:2)
  5 golden dragons
  A Hellbinder (WizLab)
  A bone dragon (Crypt:3)
  A profane servitor (Crypt:3)
  An iron giant (Zig:5)
  Jorgrun (Elf:2)
  An iron giant (shapeshifter) (Vaults:5)
  4 electric golems
  A Tzitzimitl (Depths:1)
  6 tentacled monstrosities
  A Brimstone Fiend (Depths:3)
  Rupert (Lair:4)
  4 liches
  An Ice Fiend (Depths:1)
  29 Orb Guardians
  3 deep elf blademasters
  2 deep elf master archers (Elf:3)
  2 titans (Vaults:5)
  The ghost of Lesufam the Fencer, an adept MiFi of Makhleb (Swamp:2)
  5 ancient champions
  An Executioner (D:15)
  2 quicksilver dragons
  8 death cobs
  A sphinx (Vaults:2)
  An acid blob (Zig:7)
  2 thorn hunters (Swamp:4)
  Kirke (D:13)
  8 shadow dragons
  Roxanne (Swamp:4)
  6 tengu reavers
  7 draconian monks
  7 storm dragons
  The ghost of Vuxyos the Demolition Orc, an adept HOMo of Makhleb (Vaults:4)
  An azure jelly (Zig:7)
  2 revenants
  A nagaraja (Zig:4)
  7 fire giants
  3 iron dragons (Vaults:4)
  2 draconian knights
  6 ghost moths
  2 curse skulls
  5 frost giants
  4 emperor scorpions
  A draconian scorcher (Zot:5)
  A balrug (Depths:3)
  3 draconian shifters
  An orc warlord (Orc:1)
  5 deep elf sorcerers
  16 vault wardens
  5 deep elf elementalists
  A reaper (Depths:1)
  A ghoul (Crypt:3)
  12 ironheart preservers
  8 war gargoyles
  25 stone giants
  19 very ugly things
  4 draconian annihilators
  4 spriggan defenders
  5 vampire knights
  8 deep elf demonologists
  5 draconian stormcallers
  An apis (Zig:1)
  6 green draconians
  6 purple draconians
  A black sun (WizLab)
  6 entropy weavers
  8 deep elf annihilators
  7 yellow draconians
  7 black draconians
  3 red draconians
  3 spark wasps
  A spark wasp (shapeshifter) (Depths:2)
  A lorocyproca (WizLab)
  6 white draconians
  Snorg (D:11)
  10 ettins
  11 crystal guardians
  9 fire dragons
  A blizzard demon (Depths:4)
  5 eidola
  Josephine (D:13)
  5 deep elf high priests
  20 jiangshi
  9 deep elf death magi
  14 yaktaur captains
  2 green deaths
  36 vault guards
  A spectral shadow dragon (Crypt:3)
  11 great orbs of eyes
  Fannar (Orc:1)
  5 rakshasas
  Erolcha (D:9)
  8 ice dragons
  The ghost of Jeal the Fighter, a journeyman FoBe of Trog (D:11)
  16 hydras
  5 spriggan air magi
  3 hell beasts
  6 centaur warriors
  An anaconda (shapeshifter) (Zig:6)
  11 ogre magi
  38 two-headed ogres
  34 dancing weapons
  14 alligators
  7 death knights
  A death yak (shapeshifter) (Depths:4)
  5 deep troll shamans
  5 deep troll earth magi
  4 tengu warriors
  6 vampire magi
  2 orc high priests
  A storm dragon zombie (Crypt:1)
  A shock serpent (Depths:4)
  21 deep elf knights
  Urug (D:13)
  10 hell knights
  5 spriggan berserkers
  4 sun demons
  Sonja (D:11)
  38 skeletal warriors
  3 iron trolls (Depths:5)
  4 sixfirhies
  6 unseen horrors
  4 shadow wraiths
  A sea snake (shapeshifter) (Depths:4)
  A spriggan druid (Swamp:2)
  4 flayed ghosts
  An infernal demonspawn (Depths:1)
  21 deep trolls
  A glowing orange brain (shapeshifter) (Depths:4)
  3 shadow demons
  5 wizards
  8 glowing orange brains
  3 obsidian statues (Depths:4)
  5 shambling mangroves
  A lindwurm (Lair:5)
  19 orc knights
  20 ironbrand convokers
  14 swamp dragons
  An oklob plant (Lair:6)
  14 deep elf archers
  11 phantasmal warriors
  2 harpies (shapeshifter)
  4 harpies (Vaults:4)
  A wolf spider (shapeshifter) (Vaults:2)
  A shadow dragon zombie (Vaults:1)
  53 deep elf magi
  10 necromancers
  26 orb spiders
  A shining eye (Zig:7)
  36 wolf spiders
  A mana viper (shapeshifter) (Vaults:4)
  8 cyclopes
  A sphinx skeleton (Crypt:2)
  4 orc sorcerers
  10 moths of wrath
  26 ugly things
  A faun (shapeshifter) (Depths:4)
  3 salamanders
  An elephant (shapeshifter) (Vaults:5)
  A guardian serpent (shapeshifter) (Vaults:1)
  A manticore (D:13)
  A torpor snail (Spider:2)
  A stone giant skeleton (Vaults:1)
  A rust devil (D:15)
  Maurice (D:10)
  9 black mambas
  2 ice statues (IceCv)
  4 elephants (Lair:6)
  A shock serpent zombie (Crypt:2)
  16 vault sentinels
  7 smoke demons
  5 gargoyles
  6 orange demons
  9 spiny frogs
  33 yaktaurs
  A rime drake (Lair:3)
  3 hellions
  2 komodo dragons
  14 demonic crawlers
  A redback zombie (D:15)
  2 yaktaur zombies (Vaults:1)
  10 freezing wraiths
  A ghost moth simulacrum (Crypt:3)
  12 ice devils
  5 hellwings
  6 red devils
  2 tengu conjurers
  A grey draconian skeleton (Crypt:2)
  2 tormentors
  11 trolls
  3 guardian mummies
  8 meliai
  6 polar bears (Lair:6)
  2 queen bees (shapeshifter)
  A jumping spider (shapeshifter) (Depths:4)
  11 large abominations
  9 tyrant leeches
  A tyrant leech (shapeshifter) (Zig:6)
  3 wind drakes (shapeshifter)
  31 jumping spiders
  28 hornets
  A troll (shapeshifter) (Depths:5)
  A raiju (shapeshifter) (Depths:3)
  3 wind drakes (Depths:4)
  15 bog bodies
  Prince Ribbit (D:8)
  Grinder (D:5)
  49 slime creatures
  A sphinx simulacrum (Vaults:2)
  A blink frog (shapeshifter) (Elf:1)
  A wolf spider simulacrum (Crypt:3)
  A moth of wrath zombie (Crypt:2)
  22 blink frogs
  7 dream sheep
  11 hippogriffs
  2 human simulacra (Vaults:1)
  8 air elementals
  A centaur simulacrum (D:13)
  76 redbacks
  52 flying skulls
  A stone giant simulacrum (Vaults:2)
  2 yaks (shapeshifter)
  28 tarantellas
  2 redbacks (shapeshifter)
  11 wraiths
  24 spriggans
  An ushabti (Zig:3)
  5 shadows
  A ynoxinul (D:15)
  A spriggan (shapeshifter) (Depths:1)
  2 water elementals
  41 yaks
  A wyvern (D:8)
  3 humans (D:13)
  A basilisk (shapeshifter) (D:14)
  4 hogs (D:13)
  2 chaos spawn (WizLab)
  4 hungry ghosts
  3 fire elementals
  6 neqoxecs
  A torturous demonspawn zombie (Crypt:1)
  3 basilisks
  Menkaure (D:7)
  17 vampire mosquitoes
  9 insubstantial wisps
  Edmund (D:6)
  8 wargs
  2 acid dragons (D:14)
  20 swamp worms
  A floating eye (Depths:2)
  A floating eye (shapeshifter) (Vaults:5)
  11 porcupines
  7 water moccasins
  66 orc warriors
  2 phantoms
  A deep troll skeleton (Crypt:1)
  2 black bears (shapeshifter)
  17 swamp drakes
  4 necrophages (Crypt:3)
  24 ogres
  A sky beast (D:8)
  5 black bears
  A snapping turtle zombie (Crypt:2)
  8 ice beasts (D:15)
  An ice dragon simulacrum (Crypt:3)
  3 eyes of draining
  24 wolves
  A boggart (shapeshifter) (Depths:4)
  13 boggarts
  13 centaurs
  13 crocodiles
  5 big kobolds
  A draconian skeleton (Crypt:1)
  2 gnoll sergeants
  3 human zombies
  18 bullfrogs
  14 earth elementals
  2 water moccasin zombies
  2 wyvern skeletons (D:14)
  4 small abominations
  3 scorpions
  18 killer bees
  A yak zombie (Crypt:2)
  15 wights
  3 howler monkeys (D:9)
  7 electric eels
  9 crimson imps
  3 quasits
  2 centaur zombies
  2 bullfrog zombies
  12 hounds
  28 orc priests
  A bullfrog skeleton (D:5)
  An iron imp (D:15)
  6 jellies
  Crazy Yiuf (D:7)
  3 centaur skeletons
  A human skeleton (Crypt:1)
  5 iguanas
  24 orc wizards
  10 worker ants
  6 hell rats (Lair:3)
  A crocodile zombie (Crypt:2)
  A felid zombie (Crypt:1)
  A dwarf zombie (Crypt:1)
  2 hound skeletons
  13 mummies
  2 worker ant zombies
  A howler monkey zombie (D:11)
  14 gnolls
  Robin (D:4)
  25 adders
  11 river rats
  A shadow imp (Depths:5)
  9 white imps
  10 ufetubi (IceCv)
  2 adder skeletons (D:5)
  An adder zombie (D:7)
  An iguana skeleton (Crypt:2)
  A ball lightning (Depths:4)
  2 dart slugs (D:3)
  4 leopard geckos
  131 orcs
  2 ball pythons (D:3)
  5 giant cockroaches
  13 goblins
  12 hobgoblins
  19 jackals
  34 kobolds
  12 quokkas
  7 bats
  A dart slug zombie (Crypt:2)
  3 frilled lizards
  A frilled lizard (shapeshifter) (Depths:4)
  2 leopard gecko skeletons
  A leopard gecko zombie (D:5)
  A quokka zombie (D:6)
  19 rats
  A spectral orc (D:5)
  3 briar patches (Swamp:3)
2610 creatures vanquished.

Vanquished Creatures (collateral kills)
  An Orb Guardian (Zot:5)
  2 acid blobs (Zig:7)
  An ancient champion (Crypt:1)
  A thorn hunter (Swamp:3)
  2 revenants (Crypt:1)
  A fire giant (Depths:2)
  A deep elf sorcerer (Elf:3)
  A frost giant (Depths:2)
  A cacodemon (D:15)
  A ghost moth (Spider:4)
  A curse skull (Crypt:1)
  3 emperor scorpions (Spider:4)
  A vault warden (Vaults:5)
  A very ugly thing (Depths:2)
  A stone giant (Vaults:5)
  2 deep elf annihilators
  A spark wasp (Spider:4)
  A yellow draconian (Zot:1)
  A purple draconian (Zot:1)
  3 deep elf death magi (Elf:3)
  2 crystal guardians (D:14)
  A jiangshi (Vaults:2)
  7 hydras
  A tengu warrior (Depths:2)
  3 dancing weapons (Elf:2)
  3 deep elf knights
  4 spriggans (Swamp:3)
  3 skeletal warriors (Crypt:1)
  A shadow demon (WizLab)
  2 orange crystal statues
  An orb spider (Spider:4)
  3 shambling mangroves
  10 deep elf magi
  2 wolf spiders (Spider:4)
  An orc sorcerer (Orc:2)
  An ugly thing (Depths:2)
  A cyclops (D:14)
  A shining eye (Zig:7)
  A black mamba (Lair:6)
  2 rust devils
  A smoke demon (WizLab)
  3 spiny frogs (Lair:6)
  An orange demon (WizLab)
  A hellion (WizLab)
  3 ice devils
  A freezing wraith (Vaults:2)
  A yaktaur (Depths:2)
  A queen bee (Spider:1)
  3 kobold demonologists (D:15)
  A catoblepas skeleton (Crypt:1)
  A troll (Orc:2)
  A red devil (WizLab)
  A wind drake (Depths:4)
  A tyrant leech (Swamp:3)
  A meliai (Spider:1)
  2 jumping spiders (Spider:4)
  5 hornets (Swamp:3)
  A bog body (Swamp:3)
  5 blink frogs
  A hippogriff (shapeshifter) (D:15)
  A redback (Spider:4)
  A flying skull (Crypt:1)
  A tarantella (Spider:4)
  A water elemental (Elf:2)
  2 ynoxinuls (WizLab)
  A basilisk (D:9)
  A fire elemental (Elf:3)
  2 vampire mosquitoes (Swamp:3)
  A swamp worm (Swamp:4)
  A water moccasin (Lair:2)
  A swamp drake (Swamp:4)
  7 orc warriors
  A crocodile (D:9)
  2 earth elementals (Depths:4)
  A scorpion (D:9)
  5 killer bees (Spider:1)
  A human simulacrum (Vaults:3)
  3 wights
  An orc priest (D:12)
  An orc wizard (D:9)
  A bullfrog skeleton (Crypt:1)
  An adder zombie (D:9)
  A lava snake skeleton (Crypt:1)
  A barachi skeleton (Crypt:1)
  12 orcs
  A kobold (D:15)
164 creatures vanquished.

Vanquished Creatures (others)
  A cacodemon (WizLab)
  A reaper (IceCv)
  A war gargoyle (Depths:4)
  4 stone giants
  A yaktaur captain (Vaults:4)
  An ice dragon (Depths:1)
  2 deep elf knights
  A glowing orange brain (Depths:4)
  A shambling mangrove (Swamp:2)
  A deep elf archer (Vaults:4)
  4 moths of wrath (Zot:5)
  A rime drake (shapeshifter) (Depths:4)
  6 yaktaurs
  An ice devil (D:15)
  A wind drake (Depths:4)
  A fire elemental (Depths:4)
  3 white imps
  7 ball lightnings (Depths:4)
  An orc (D:15)
  16 fungi
  32 plants
  2 withered plants (Vaults:3)
89 creatures vanquished.

Grand Total: 2863 creatures vanquished
